Workbook
Name \0: #REF!
Name \D: #REF!
Name \k: #REF!
Name \M: #REF!
Name \q: [1]Fechamento!#REF!
Name \R: #REF!
Name \T: #REF!
Name \z: #REF!
Name __000: #REF!
Name __BDI1: #REF!
Name __BUD1: #REF!
Name __BUD2: #REF!
Name __BUD3: #REF!
Name __BUD4: #REF!
Name __BUD5: #REF!
Name __BUD6: #REF!
Name __BUD7: #REF!
Name __BUD8: #REF!
Name __DAT1: #REF!
Name __DAT10: #REF!
Name __DAT11: #REF!
Name __DAT12: #REF!
Name __DAT13: #REF!
Name __DAT14: #REF!
Name __DAT15: #REF!
Name __DAT2: #REF!
Name __DAT3: #REF!
Name __DAT4: #REF!
Name __DAT5: #REF!
Name __DAT6: #REF!
Name __DAT7: #REF!
Name __DAT8: #REF!
Name __DAT9: #REF!
Name __DIA1: #REF!
Name __DIA2: #REF!
Name __DIA3: #REF!
Name __DIA4: #REF!
Name __DIA5: #REF!
Name __DIA6: #REF!
Name __DIA7: #REF!
Name __DIA8: #REF!
Name __LAB1: #REF!
Name __LAB2: #REF!
Name __LAB3: #REF!
Name __PAR1: #REF!
Name __PAR2: #REF!
Name __PAR3: #REF!
Name __PAR4: #REF!
Name __PRU2006: #REF!
Name __RBC2006: #REF!
Name _0: '[2]2002CB'!$A$1:$Q$65
Name _0_1: NA()
Name _1: #REF!
Name _1DescProd: #REF!
Name _2: #REF!
Name _2Aplicação: #REF!
Name _3NCarItem: #REF!
Name _4NDescGen: #REF!
Name _5NCódBusca: #REF!
Name _BUD1: #REF!

Sheet SINAPI
A2: RELATÓRIO DE CUSTOS DE COMPOSIÇÕES - ENCARGOS SOCIAIS SEM DESONERAÇÃO
A3: 06/2025
A4: 11/07/2025 | C4: MS
C5: CAMPO GRANDE
A6: %AS (porcentagem Atribuído São Paulo) corresponde a porcentagem do custo total da | C6: 1.0752
A7: composição que foi obtida utilizando preços de insumos de São Paulo por indisponibilidade | C7: 0.648
A8: dos preços de insumos necessários à composição no estado em questão. Custo zerado (hífen)
A9: indica que pelo menos um dos itens da composição não tem custo/preço. | C9: MS
A10: Código da Composição | B10: Descrição | C10: Custo (R$)
A11: 104658 | B11: PISO PODOTÁTIL DE ALERTA OU DIRECIONAL, DE CONCRETO, ASSENTADO SOBRE ARGAMASSA. AF_03/2024 | C11: 165.62
A12: 105002 | B12: RAMPA DE ACESSIBILIDADE EM CONCRETO MOLDADO IN LOCO, EM CALÇADA NOVA COM LARGURA MAIOR OU IGUAL À 3,00 M, FCK 25MPA, COM PISO PODOTÁTIL. AF_03/2024 | C12: 681.99
A13: 105004 | B13: RAMPA DE ACESSIBILIDADE EM CONCRETO MOLDADO IN LOCO, EM CALÇADA NOVA COM LARGURA MENOR À 3,00 M, FCK 25MPA, COM PISO PODOTÁTIL. AF_03/2024 | C13: 116.27
A14: 105003 | B14: RAMPA DE ACESSIBILIDADE EM CONCRETO MOLDADO IN LOCO, EM CALÇADA PRÉ EXISTENTE COM LARGURA MAIOR OU IGUAL À 3,00 M, FCK 25MPA, COM PISO PODOTÁTIL. AF_03/2024 | C14: 1114.79
A15: 105005 | B15: RAMPA DE ACESSIBILIDADE EM CONCRETO MOLDADO IN LOCO, EM CALÇADA PRÉ EXISTENTE COM LARGURA MENOR À 3,00 M, FCK 25MPA, COM PISO PODOTÁTIL. AF_03/2024 | C15: 196.39
A16: 105006 | B16: RAMPA DE ACESSIBILIDADE EM CONCRETO PRÉ MOLDADO, EM CALÇADA NOVA COM LARGURA MAIOR OU IGUAL À 3,00 M, FCK 25MPA, COM PISO PODOTÁTIL. AF_03/2024 | C16: 0
A17: 104999 | B17: RAMPA DE ACESSIBILIDADE EM CONCRETO PRÉ MOLDADO, EM CALÇADA PRÉ EXISTENTE COM LARGURA MAIOR OU IGUAL À 3,00 M, FCK 25MPA, COM PISO PODOTÁTIL. AF_03/2024 | C17: 0
A18: 105000 | B18: RAMPA DE ACESSIBILIDADE PARA ACESSO A EDIFICAÇÕES COM INCLINAÇÃO DE 8,33% EM CONCRETO MOLDADO IN LOCO, COM LARGURA DE 1,20M, FCK 25MPA, NÃO ARMADA, COM JUNTA A CADA 2M COM CORTE À SECO. AF_03/2024 | C18: 1333.33
A19: 105001 | B19: RAMPA DE ACESSIBILIDADE PARA ACESSO A EDIFICAÇÕES COM INCLINAÇÃO DE 8,33% EM CONCRETO MOLDADO IN LOCO, COM LARGURA DE 1,50M, FCK 25MPA, NÃO ARMADA, COM JUNTA A CADA 2M COM CORTE À SECO. AF_03/2024 | C19: 1366.33
A20: 89306 | B20: ALVENARIA ESTRUTURAL DE BLOCOS CERÂMICOS 14X19X29, (ESPESSURA DE 14 CM), UTILIZANDO COLHER DE PEDREIRO E ARGAMASSA DE ASSENTAMENTO COM PREPARO EM BETONEIRA. AF_03/2023 | C20: 98.38
A21: 89307 | B21: ALVENARIA ESTRUTURAL DE BLOCOS CERÂMICOS 14X19X29, (ESPESSURA DE 14 CM), UTILIZANDO COLHER DE PEDREIRO E ARGAMASSA DE ASSENTAMENTO COM PREPARO MANUAL. AF_03/2023 | C21: 100.16
A22: 89290 | B22: ALVENARIA ESTRUTURAL DE BLOCOS CERÂMICOS 14X19X29, (ESPESSURA DE 14 CM), UTILIZANDO PALHETA E ARGAMASSA DE ASSENTAMENTO COM PREPARO EM BETONEIRA. AF_03/2023 | C22: 83.19
... A9733: 103548 | B9733: VÁLVULA REDUTORA DE PRESSÃO DE FERRO FUNDIDO PARA REDE DE ÁGUA, DN 80 MM, JUNTA FLANGEADA. AF_12/2021 | C9733: 0
A9734: Código do Insumo | B9734: Descrição do Insumo | C9734: MS
A9735: 45333 | B9735: ABERTURA PARA ENCAIXE DE CUBA OU LAVATORIO EM BANCADA DE MARMORE/ GRANITO OU OUTRO TIPO DE PEDRA NATURAL | C9735: 213.23
A9736: 11270 | B9736: ABRACADEIRA DE LATAO PARA FIXACAO DE CABO PARA-RAIO, DIMENSOES 32 X 24 X 24 MM | C9736: 3
A9737: 412 | B9737: ABRACADEIRA DE NYLON PARA AMARRACAO DE CABOS, COMPRIMENTO DE *230* X *7,6* MM | C9737: 1.49
A9738: 414 | B9738: ABRACADEIRA DE NYLON PARA AMARRACAO DE CABOS, COMPRIMENTO DE 100 X 2,5 MM | C9738: 0.09
A9739: 410 | B9739: ABRACADEIRA DE NYLON PARA AMARRACAO DE CABOS, COMPRIMENTO DE 150 X *3,6* MM | C9739: 0.23
A9740: 411 | B9740: ABRACADEIRA DE NYLON PARA AMARRACAO DE CABOS, COMPRIMENTO DE 200 X *4,6* MM | C9740: 0.29
A9741: 408 | B9741: ABRACADEIRA DE NYLON PARA AMARRACAO DE CABOS, COMPRIMENTO DE 390 X *4,6* MM | C9741: 1.44
A9742: 39131 | B9742: ABRACADEIRA EM ACO PARA AMARRACAO DE ELETRODUTOS, TIPO D, COM 1 1/2" E CUNHA DE FIXACAO | C9742: 5.73
A9743: 394 | B9743: ABRACADEIRA EM ACO PARA AMARRACAO DE ELETRODUTOS, TIPO D, COM 1 1/2" E PARAFUSO DE FIXACAO | C9743: 5.8
A9744: 39130 | B9744: ABRACADEIRA EM ACO PARA AMARRACAO DE ELETRODUTOS, TIPO D, COM 1 1/4" E CUNHA DE FIXACAO | C9744: 5.23
A9745: 395 | B9745: ABRACADEIRA EM ACO PARA AMARRACAO DE ELETRODUTOS, TIPO D, COM 1 1/4" E PARAFUSO DE FIXACAO | C9745: 5.59
A9746: 39129 | B9746: ABRACADEIRA EM ACO PARA AMARRACAO DE ELETRODUTOS, TIPO D, COM 1" E CUNHA DE FIXACAO | C9746: 3.22
... A9778: 36246 | B9778: ACABAMENTO SIMPLES/CONVENCIONAL PARA FORRO PVC, TIPO "U" OU "C", COR BRANCA, COMPRIMENTO 6 M | C9778: 5.24
A9779: 37600 | B9779: ACESSORIO DE LIGACAO NAO ELETRICO PARA CARGAS EXPLOSIVAS, TUBO DE 6 M
A9780: 37599 | B9780: ACESSORIO INICIADOR NAO ELETRICO, TUBO DE 6 M, TEMPO DE RETARDO DE *160* MS
A9781: 1 | B9781: ACETILENO - RECARGA DE GAS PARA CILINDRO (NAO INCLUI TROCA/MANUTENCAO DO CILINDRO) | C9781: 100
A9782: 3 | B9782: ACIDO CLORIDRICO / ACIDO MURIATICO, DILUICAO 10% A 12% PARA USO EM LIMPEZA | C9782: 14.03
A9783: 43054 | B9783: ACO CA-25, 10,0 MM, OU 12,5 MM, OU 16,0 MM, OU 20,0 MM, OU 25,0 MM, VERGALHAO | C9783: 8.89
A9784: 42402 | B9784: ACO CA-25, 16,0 MM, BARRA DE TRANSFERENCIA | C9784: 8.5
A9785: 42403 | B9785: ACO CA-25, 20,0 MM, BARRA DE TRANSFERENCIA | C9785: 10.9
A9786: 42404 | B9786: ACO CA-25, 25,0 MM, BARRA DE TRANSFERENCIA | C9786: 10.84
A9787: 42405 | B9787: ACO CA-25, 32,0 MM, BARRA DE TRANSFERENCIA | C9787: 11.55
A9788: 34341 | B9788: ACO CA-25, 32,0 MM, VERGALHAO | C9788: 10.02
A9789: 43053 | B9789: ACO CA-25, 6,3 MM OU 8,0 MM, VERGALHAO | C9789: 7.94
A9790: 43058 | B9790: ACO CA-50, 10,0 MM, OU 12,5 MM, OU 16,0 MM, OU 20,0 MM, DOBRADO E CORTADO | C9790: 8.24
A9791: 34 | B9791: ACO CA-50, 10,0 MM, VERGALHAO | C9791: 8.28
A9792: 43055 | B9792: ACO CA-50, 12,5 MM OU 16,0 MM, VERGALHAO | C9792: 7.17
... A9801: 43060 | B9801: ACO CA-60, 8,0 MM OU 9,5 MM, VERGALHAO | C9801: 6.82
A9802: 40410 | B9802: ACOPLAMENTO RIGIDO EM FERRO FUNDIDO PARA SISTEMA DE TUBULACAO RANHURADA, DN 50 MM (2")
A9803: 40411 | B9803: ACOPLAMENTO RIGIDO EM FERRO FUNDIDO PARA SISTEMA DE TUBULACAO RANHURADA, DN 65 MM (2 1/2")
A9804: 40412 | B9804: ACOPLAMENTO RIGIDO EM FERRO FUNDIDO PARA SISTEMA DE TUBULACAO RANHURADA, DN 80 MM (3")
A9805: 44254 | B9805: ADAPTADOR CPVC, ROSCAVEL, COM FLANGES E ANEL DE VEDACAO, 15 MM, CAIXA D'AGUA PARA AGUA QUENTE | C9805: 32.84
A9806: 44255 | B9806: ADAPTADOR CPVC, ROSCAVEL, COM FLANGES E ANEL DE VEDACAO, 22 MM, CAIXA D'AGUA PARA AGUA QUENTE | C9806: 36.4
A9807: 44256 | B9807: ADAPTADOR CPVC, ROSCAVEL, COM FLANGES E ANEL DE VEDACAO, 28 MM, CAIXA D'AGUA PARA AGUA QUENTE | C9807: 41.11
A9808: 44257 | B9808: ADAPTADOR CPVC, ROSCAVEL, COM FLANGES E ANEL DE VEDACAO, 35 MM, CAIXA D'AGUA PARA AGUA QUENTE | C9808: 65.05
A9809: 44258 | B9809: ADAPTADOR CPVC, ROSCAVEL, COM FLANGES E ANEL DE VEDACAO, 42 MM, CAIXA D'AGUA PARA AGUA QUENTE | C9809: 74.34
A9810: 44259 | B9810: ADAPTADOR CPVC, ROSCAVEL, COM FLANGES E ANEL DE VEDACAO, 54 MM, CAIXA D'AGUA PARA AGUA QUENTE | C9810: 102.03
A9811: 37997 | B9811: ADAPTADOR CPVC, SOLDAVEL, 15 MM, PARA AGUA QUENTE | C9811: 19.57
A9812: 37998 | B9812: ADAPTADOR CPVC, SOLDAVEL, 22 MM, PARA AGUA QUENTE | C9812: 26.19
A9813: 55 | B9813: ADAPTADOR DE COMPRESSAO EM POLIPROPILENO (PP), PARA TUBO EM PEAD, 20 MM X 1/2", PARA LIGACAO PREDIAL DE AGUA (NTS 179)
A9814: 61 | B9814: ADAPTADOR DE COMPRESSAO EM POLIPROPILENO (PP), PARA TUBO EM PEAD, 20 MM X 3/4", PARA LIGACAO PREDIAL DE AGUA (NTS 179)
A9815: 62 | B9815: ADAPTADOR DE COMPRESSAO EM POLIPROPILENO (PP), PARA TUBO EM PEAD, 32 MM X 1", PARA LIGACAO PREDIAL DE AGUA (NTS 179)
A9816: 10899 | B9816: ADAPTADOR EM LATAO, ENGATE RAPIDO 2 1/2" X ROSCA INTERNA 5 FIOS 2 1/2", PARA INSTALACAO PREDIAL DE COMBATE A INCENDIO | C9816: 81.04
A9817: 10900 | B9817: ADAPTADOR EM LATAO, ENGATE RAPIDO1 1/2" X ROSCA INTERNA 5 FIOS 2 1/2", PARA INSTALACAO PREDIAL DE COMBATE A INCENDIO | C9817: 63.42
A9818: 47 | B9818: ADAPTADOR PVC PBA, BOLSA/ROSCA, JE, DN 100 / DE 110 MM | C9818: 66.12
A9819: 48 | B9819: ADAPTADOR PVC PBA, BOLSA/ROSCA, JE, DN 50 / DE 60 MM | C9819: 17.25
A9820: 46 | B9820: ADAPTADOR PVC PBA, BOLSA/ROSCA, JE, DN 75 / DE 85 MM | C9820: 38.67
A9821: 52 | B9821: ADAPTADOR PVC PBA, PONTA/ROSCA, JE, DN 50 / DE 60 MM | C9821: 13.1
A9822: 43 | B9822: ADAPTADOR PVC PBA, PONTA/ROSCA, JE, DN 75 / DE 85 MM | C9822: 44.22
A9823: 103 | B9823: ADAPTADOR PVC SOLDAVEL CURTO COM BOLSA E ROSCA, 110 MM X 4", PARA AGUA FRIA | C9823: 42.6
A9824: 107 | B9824: ADAPTADOR PVC SOLDAVEL CURTO COM BOLSA E ROSCA, 20 MM X 1/2", PARA AGUA FRIA | C9824: 0.8
A9825: 65 | B9825: ADAPTADOR PVC SOLDAVEL CURTO COM BOLSA E ROSCA, 25 MM X 3/4", PARA AGUA FRIA | C9825: 0.88
A9826: 108 | B9826: ADAPTADOR PVC SOLDAVEL CURTO COM BOLSA E ROSCA, 32 MM X 1", PARA AGUA FRIA | C9826: 1.76
A9827: 110 | B9827: ADAPTADOR PVC SOLDAVEL CURTO COM BOLSA E ROSCA, 40 MM X 1 1/2", PARA AGUA FRIA | C9827: 6.13
... A9838: 99 | B9838: ADAPTADOR PVC SOLDAVEL, COM FLANGE E ANEL DE VEDACAO, 50 MM X 1 1/2", PARA CAIXA D'AGUA | C9838: 25.82
A9839: 60 | B9839: ADAPTADOR PVC, COM REGISTRO, PARA PEAD, 20 MM X 3/4", PARA LIGACAO PREDIAL DE AGUA
A9840: 72 | B9840: ADAPTADOR PVC, ROSCAVEL, COM FLANGES E ANEL DE VEDACAO, 1 1/2", PARA CAIXA D'AGUA | C9840: 49.53
A9841: 71 | B9841: ADAPTADOR PVC, ROSCAVEL, COM FLANGES E ANEL DE VEDACAO, 1", PARA CAIXA D'AGUA | C9841: 30.59
A9842: 67 | B9842: ADAPTADOR PVC, ROSCAVEL, COM FLANGES E ANEL DE VEDACAO, 1/2", PARA CAIXA D'AGUA | C9842: 16.01
A9843: 73 | B9843: ADAPTADOR PVC, ROSCAVEL, COM FLANGES E ANEL DE VEDACAO, 3/4", PARA CAIXA D'AGUA | C9843: 15.32
A9844: 100 | B9844: ADAPTADOR PVC, SOLDAVEL, COM FLANGES E ANEL DE VEDACAO, 60 MM X 2", PARA CAIXA D'AGUA | C9844: 45.12
A9845: 75 | B9845: ADAPTADOR PVC, SOLDAVEL, COM FLANGES LIVRES, 110 MM X 4", PARA CAIXA D'AGUA | C9845: 263.07
A9846: 83 | B9846: ADAPTADOR PVC, SOLDAVEL, COM FLANGES LIVRES, 75 MM X 2 1/2", PARA CAIXA D'AGUA | C9846: 210.32
A9847: 74 | B9847: ADAPTADOR PVC, SOLDAVEL, COM FLANGES LIVRES, 85 MM X 3", PARA CAIXA D'AGUA | C9847: 300.69
A9848: 106 | B9848: ADAPTADOR PVC, SOLDAVEL, LONGO, COM FLANGE LIVRE, 110 MM X 4", PARA CAIXA D'AGUA | C9848: 380.24
A9849: 88 | B9849: ADAPTADOR PVC, SOLDAVEL, LONGO, COM FLANGE LIVRE, 32 MM X 1", PARA CAIXA D'AGUA | C9849: 10.68
A9850: 82 | B9850: ADAPTADOR PVC, SOLDAVEL, LONGO, COM FLANGE LIVRE, 75 MM X 2 1/2", PARA CAIXA D'AGUA | C9850: 200.1
A9851: 105 | B9851: ADAPTADOR PVC, SOLDAVEL, LONGO, COM FLANGE LIVRE, 85 MM X 3", PARA CAIXA D'AGUA | C9851: 283.54
... A9862: 124 | B9862: ADITIVO ACELERADOR DE PEGA E ENDURECIMENTO PARA ARGAMASSAS E CONCRETOS, LIQUIDO E ISENTO DE CLORETOS | C9862: 17.74
A9863: 7334 | B9863: ADITIVO ADESIVO LIQUIDO PARA ARGAMASSAS DE REVESTIMENTOS CIMENTICIOS
A9864: 45146 | B9864: ADITIVO IMPERMEABILIZANTE CRISTALIZANTE PARA CONCRETO | C9864: 34.02
A9865: 123 | B9865: ADITIVO IMPERMEABILIZANTE DE PEGA NORMAL PARA ARGAMASSAS E CONCRETOS SEM ARMACAO, LIQUIDO E ISENTO DE CLORETOS | C9865: 7.26
A9866: 127 | B9866: ADITIVO IMPERMEABILIZANTE DE PEGA ULTRARRAPIDA, LIQUIDO E ISENTO DE CLORETOS | C9866: 17.33
A9867: 133 | B9867: ADITIVO LIQUIDO INCORPORADOR DE AR PARA CONCRETO E ARGAMASSA, LIQUIDO E ISENTO DE CLORETOS | C9867: 7.2
A9868: 43617 | B9868: ADITIVO PLASTIFICANTE E ESTABILIZADOR PARA ARGAMASSAS DE ASSENTAMENTO E REBOCO, LIQUIDO E ISENTO DE CLORETOS | C9868: 8.04
A9869: 132 | B9869: ADITIVO PLASTIFICANTE RETARDADOR DE PEGA E REDUTOR DE AGUA PARA CONCRETO, LIQUIDO E ISENTO DE CLORETOS | C9869: 7.46
A9870: 43618 | B9870: ADITIVO SUPERPLASTIFICANTE DE PEGA NORMAL PARA CONCRETO, LIQUIDO E ISENTO DE CLORETOS | C9870: 18.79
...

Sheet Orçamento
A2: ESTADO DE MATO GROSSO DO SUL
A3: MUNICÍPIO DE CORUMBÁ
A4: Orçamento Inicial - Analítico - Método Truncado
A6: Objeto: | D6: RESTAURAÇÃO DO PRÉDIO DO ANTIGO HOTEL INTERNACIONAL.
A7: Município: | D7: Corumbá/MS
A8: Local: | D8: Rua Frei Mariano.°38 Centro., Corumbá MS | I8: BDI Obra | J8: BDI Equipamentos
A9: BDI: | D9: BDI Fornecimento de Materiais e Equipamentos - Não Desonerado (15,27%), Onerado (22,28%) | I9: 0.2228 | J9: 0.1527
A10: Prazo exec.: | D10: 12 meses
A11: Sist./Ref.: | D11: SINAPI - 06/2025 - Mato Grosso do Sul; SBC - 06/2025 - Mato Grosso do Sul, ORSE - 05/2025 , AGESUL - 06/2025 - MS - SETOP 7/2025
D12: Descrição | E12: Unid. | F12: Qtde. | G12: CUSTO | I12: PRECO
A13: item | B13: codigo | C13: banco | G13: UNIT. | H13: TOTAL | I13: UNIT BDI | J13: TOTAL
A14: 01 | D14: ADMINISTRAÇÃO LOCAL DA OBRA | H14: =H15+H25+H32 -> 723465.18 | J14: =J15+J25+J32 -> 884653.16 | K14: =J14/H14 -> 1.2227999
A15: 1.1 | D15: EQUIPE DE PROFISSIONAIS | H15: =SUM(H16:H24) -> 711198.88 | J15: =SUM(J16:J24) -> 869653.94 | K15: =J15/H15 -> 1.2227999
A16: 1.1.1 | B16: 93567 | C16: SINAPI | D16: ENGENHEIRO CIVIL DE OBRA PLENO COM ENCARGOS COMPLEMENTARES | E16: MES | F16: 12 | G16: =VLOOKUP(B16,SINAPI!A11:C20000,3,FALSE) -> 23134.16 | H16: =TRUNC(F16*G16,2) -> 277609.92 | I16: =G16*(1+$I$9) -> 28288.451 | J16: =TRUNC(I16*F16,2) -> 339461.41
A17: 1.1.2 | B17: 94295 | C17: SINAPI | D17: MESTRE DE OBRAS COM ENCARGOS COMPLEMENTARES | E17: MES | F17: 12 | G17: =VLOOKUP(B17,SINAPI!A12:C20001,3,FALSE) -> 6541.98 | H17: =TRUNC(F17*G17,2) -> 78503.76 | I17: =G17*(1+$I$9) -> 7999.5331 | J17: =TRUNC(I17*F17,2) -> 95994.39
A18: 1.1.3 | B18: 93563 | C18: SINAPI | D18: ALMOXARIFE COM ENCARGOS COMPLEMENTARES | E18: MES | F18: 12 | G18: =VLOOKUP(B18,SINAPI!A13:C20002,3,FALSE) -> 4111.96 | H18: =TRUNC(F18*G18,2) -> 49343.52 | I18: =G18*(1+$I$9) -> 5028.1047 | J18: =TRUNC(I18*F18,2) -> 60337.25
A19: 1.1.4 | B19: 101460 | C19: SINAPI | D19: VIGIA DIURNO COM ENCARGOS COMPLEMENTARES | E19: MES | F19: 12 | G19: =VLOOKUP(B19,SINAPI!A14:C20003,3,FALSE) -> 3668.48 | H19: =TRUNC(F19*G19,2) -> 44021.76 | I19: =G19*(1+$I$9) -> 4485.8173 | J19: =TRUNC(I19*F19,2) -> 53829.8
A20: 1.1.5 | B20: ED-21780 | C20: SETOP | D20: VIGIA NOTURNO COM ENCARGOS COMPLEMENTARES | E20: mês | F20: 12 | G20: 5720 | H20: =TRUNC(F20*G20,2) -> 68640 | I20: =G20*(1+$I$9) -> 6994.416 | J20: =TRUNC(I20*F20,2) -> 83932.99
A21: 1.1.6 | B21: 93572 | C21: SINAPI | D21: ENCARREGADO GERAL DE OBRAS COM ENCARGOS COMPLEMENTARES | E21: MES | F21: 12 | G21: =VLOOKUP(B21,SINAPI!A16:C20005,3,FALSE) -> 5162.52 | H21: =TRUNC(F21*G21,2) -> 61950.24 | I21: =G21*(1+$I$9) -> 6312.7295 | J21: =TRUNC(I21*F21,2) -> 75752.75
A22: 1.1.7 | B22: 93564 | C22: SINAPI | D22: APONTADOR OU APROPRIADOR COM ENCARGOS COMPLEMENTARES | E22: MES | F22: 12 | G22: =VLOOKUP(B22,SINAPI!A17:C20006,3,FALSE) -> 4017.19 | H22: =TRUNC(F22*G22,2) -> 48206.28 | I22: =G22*(1+$I$9) -> 4912.2199 | J22: =TRUNC(I22*F22,2) -> 58946.63
A23: 1.1.8 | B23: 100321 | C23: SINAPI | D23: TÉCNICO EM SEGURANÇA DO TRABALHO COM ENCARGOS COMPLEMENTARES | E23: MES | F23: 12 | G23: =VLOOKUP(B23,[37]SINAPI!A18:C20007,3,FALSE) -> 5804.7 | H23: =TRUNC(F23*G23,2) -> 69656.4 | I23: =G23*(1+$I$9) -> 7097.9872 | J23: =TRUNC(I23*F23,2) -> 85175.84
A24: 1.1.9 | B24: 11900001010 | C24: Próprio | D24: ='Composições Principais'!$B$1446 -> ARQUEOLOGO | E24: H | F24: 100 | G24: ='Composições Principais'!I1459 -> 132.67 | H24: =TRUNC(F24*G24,2) -> 13267 | I24: =G24*(1+$I$9) -> 162.22888 | J24: =TRUNC(I24*F24,2) -> 16222.88
A25: 1.2 | D25: PLANOS, PROGRAMAS E MANUAIS | H25: =SUM(H26:H31) -> 11888.49 | J25: =SUM(J26:J31) -> 14537.24 | K25: =J25/H25 -> 1.2227995
A26: 1.2.1 | B26: CO-27346 | C26: SETOP | D26: MANUAL DE USO, OPERAÇÃO E MANUTENÇÃO DAS EDIFICAÇÕES PARA REFORMA E/OU AMPLIAÇÃO DE PATRIMÔNIOS HISTÓRICOS ÁREA ATÉ 1.000 M2 | E26: m² | F26: 716.89 | G26: 0.94 | H26: =TRUNC(F26*G26,2) -> 673.87 | I26: =G26*(1+$I$9) -> 1.149432 | J26: =TRUNC(I26*F26,2) -> 824.01
A27: 1.2.2 | B27: 016691 | C27: SBC | D27: ATESTADO PCMSO (NR7)- ANUAL | E27: UN | F27: 1 | G27: 900 | H27: =TRUNC(F27*G27,2) -> 900 | I27: =G27*(1+$I$9) -> 1100.52 | J27: =TRUNC(I27*F27,2) -> 1100.52
A28: 1.2.3 | B28: 01.12.04 | C28: SUDECAP | D28: VISTORIA CAUTELAR - 501M2 < ÁREA CONSTRUÍDA <= 2000M2 | E28: UN | F28: 1 | G28: 951.16 | H28: =TRUNC(F28*G28,2) -> 951.16 | I28: =G28*(1+$I$9) -> 1163.0784 | J28: =TRUNC(I28*F28,2) -> 1163.07
A29: 1.2.4 | B29: ='Composições Principais'!A1577 -> 11900001018 | C29: Próprio | D29: ELABORAÇÃO DO PLANO DE GERENCIAMENTO DE RESÍDUOS DE CONSTRUÇÃO CIVIL (PGRCC) | E29: un | F29: 1 | G29: ='Composições Principais'!I1586 -> 2206.8144 | H29: =TRUNC(F29*G29,2) -> 2206.81 | I29: =G29*(1+$I$9) -> 2698.4926 | J29: =TRUNC(I29*F29,2) -> 2698.49
A30: 1.2.5 | B30: ='Composições Principais'!A1239 -> 119000095 | C30: Próprio | D30: ELABORAÇÃO E IMPLANTAÇÃO DO PLANO DE GERENCIAMENTO DE RISCOS (PGR) | E30: UN | F30: 1 | G30: ='Composições Principais'!I1248 -> 1625.41 | H30: =TRUNC(F30*G30,2) -> 1625.41 | I30: =G30*(1+$I$9) -> 1987.5513 | J30: =TRUNC(I30*F30,2) -> 1987.55
A31: 1.2.6 | B31: ='Composições Principais'!A1547 -> 11900001016 | C31: Próprio | D31: ELABORAÇÃO E IMPLANTAÇÃO DO PLANO DE TRABALHO DE ARQUEOLOGIA | E31: UN | F31: 1 | G31: ='Composições Principais'!I1556 -> 5531.24 | H31: =TRUNC(F31*G31,2) -> 5531.24 | I31: =G31*(1+$I$9) -> 6763.6003 | J31: =TRUNC(I31*F31,2) -> 6763.6
A32: 1.3 | D32: TAXAS, LICENSAS E EMOLUMENTOS | H32: =SUM(H33) -> 377.81 | J32: =SUM(J33) -> 461.98 | K32: =J32/H32 -> 1.2227839
A33: 1.3.1 | B33: 119000096 | C33: Próprio | D33: ANOTAÇÃO DE RESPONSABILIDADE TÉCNICA (ART) PARA CONTRATO, OBRA OU SERVIÇO DE VALOR SUPERIOR A R$ 15.000,00, DE ACORDO COM TABELA VIGENTE CREA-MS; | E33: UN | F33: 1 | G33: ='Composições Principais'!I1261 -> 377.81 | H33: =TRUNC(F33*G33,2) -> 377.81 | I33: =G33*(1+$I$9) -> 461.98607 | J33: =TRUNC(I33*F33,2) -> 461.98
A34: 2 | D34: DESMOBILIZACAO E DESMONTAGEM CANTEIRO | H34: =SUM(H35:H39) -> 3606.13 | J34: =SUM(J35:J39) -> 4409.56 | K34: =J34/H34 -> 1.2227956
A35: 2.2.1 | B35: 210825 | C35: SBC | D35: DESMOBILIZACAO C/ DESMONTAGEM DE BARRACAO E DEMAIS ELEMENTOS | E35: m² | F35: 112 | G35: 29.73 | H35: =TRUNC(F35*G35,2) -> 3329.76 | I35: =G35*(1+$I$9) -> 36.353844 | J35: =TRUNC(I35*F35,2) -> 4071.63
A36: 2.2.2 | B36: 97665 | C36: SINAPI | D36: REMOÇÃO DE LUMINÁRIAS, DE FORMA MANUAL, SEM REAPROVEITAMENTO. AF_09/2023 | E36: UN | F36: 12 | G36: =VLOOKUP(B36,SINAPI!A30:C20019,3,FALSE) -> 1.79 | H36: =TRUNC(F36*G36,2) -> 21.48 | I36: =G36*(1+$I$9) -> 2.188812 | J36: =TRUNC(I36*F36,2) -> 26.26
A37: 2.2.3 | B37: 97637 | C37: SINAPI | D37: REMOÇÃO DE TAPUME/ CHAPAS METÁLICAS E DE MADEIRA, DE FORMA MANUAL, SEM REAPROVEITAMENTO. AF_09/2023 | E37: m² | F37: 57.56 | G37: =VLOOKUP(B37,SINAPI!A31:C20020,3,FALSE) -> 2.92 | H37: =TRUNC(F37*G37,2) -> 168.07 | I37: =G37*(1+$I$9) -> 3.570576 | J37: =TRUNC(I37*F37,2) -> 205.52
A38: 2.2.4 | B38: 104794 | C38: SINAPI | D38: REMOÇÃO DE CABOS ELÉTRICOS, COM SEÇÃO DE 16 MM², FORMA MANUAL, SEM REAPROVEITAMENTO. AF_09/2023 | E38: M | F38: 90 | G38: =VLOOKUP(B38,SINAPI!A32:C20021,3,FALSE) -> 0.95 | H38: =TRUNC(F38*G38,2) -> 85.5 | I38: =G38*(1+$I$9) -> 1.16166 | J38: =TRUNC(I38*F38,2) -> 104.54
A39: 2.2.5 | B39: 97660 | C39: SINAPI | D39: REMOÇÃO DE INTERRUPTORES/TOMADAS ELÉTRICAS, DE FORMA MANUAL, SEM REAPROVEITAMENTO. AF_09/2023 | E39: UN | F39: 2 | G39: =VLOOKUP(B39,SINAPI!A33:C20022,3,FALSE) -> 0.66 | H39: =TRUNC(F39*G39,2) -> 1.32 | I39: =G39*(1+$I$9) -> 0.807048 | J39: =TRUNC(I39*F39,2) -> 1.61
A40: 3 | D40: CANTEIRO DE OBRAS | H40: =SUM(H41:H64) -> 113760.12 | J40: =SUM(J41:J64) -> 139105.8 | K40: =J40/H40 -> 1.2227993
A41: 3.1 | B41: 102607 | C41: SINAPI | D41: CAIXA D´ÁGUA EM POLIETILENO, 1000 LITROS - FORNECIMENTO E INSTALAÇÃO. AF_06/2021 | E41: UN | F41: 1 | G41: =VLOOKUP(B41,SINAPI!A35:C20024,3,FALSE) -> 481 | H41: =TRUNC(F41*G41,2) -> 481 | I41: =G41*(1+$I$9) -> 588.1668 | J41: =TRUNC(I41*F41,2) -> 588.16
A42: 3.2 | B42: 98459 | C42: SINAPI | D42: TAPUME COM TELHA METÁLICA. AF_03/2024 | E42: m² | F42: 57.56 | G42: =VLOOKUP(B42,SINAPI!A36:C20025,3,FALSE) -> 81.53 | H42: =TRUNC(F42*G42,2) -> 4692.86 | I42: =G42*(1+$I$9) -> 99.694884 | J42: =TRUNC(I42*F42,2) -> 5738.43
A43: 3.3 | B43: 103689 | C43: SINAPI | D43: FORNECIMENTO E INSTALAÇÃO DE PLACA DE OBRA COM CHAPA GALVANIZADA E ESTRUTURA DE MADEIRA. AF_03/2022_PS | E43: m² | F43: 12 | G43: =VLOOKUP(B43,SINAPI!A37:C20026,3,FALSE) -> 455.88 | H43: =TRUNC(F43*G43,2) -> 5470.56 | I43: =G43*(1+$I$9) -> 557.45006 | J43: =TRUNC(I43*F43,2) -> 6689.4
A44: 3.4 | B44: 98461 | C44: SINAPI | D44: ESTRUTURA DE MADEIRA PROVISÓRIA PARA SUPORTE DE CAIXA DÁGUA ELEVADA DE 1000 LITROS. AF_03/2024 | E44: UN | F44: 1 | G44: =VLOOKUP(B44,SINAPI!A38:C20027,3,FALSE) -> 6390.58 | H44: =TRUNC(F44*G44,2) -> 6390.58 | I44: =G44*(1+$I$9) -> 7814.4012 | J44: =TRUNC(I44*F44,2) -> 7814.4
A45: 3.5 | B45: 101909 | C45: SINAPI | D45: EXTINTOR DE INCÊNDIO PORTÁTIL COM CARGA DE PQS DE 6 KG, CLASSE BC - FORNECIMENTO E INSTALAÇÃO. AF_10/2020_PE | E45: UN | F45: 3 | G45: =VLOOKUP(B45,SINAPI!A39:C20028,3,FALSE) -> 248.09 | H45: =TRUNC(F45*G45,2) -> 744.27 | I45: =G45*(1+$I$9) -> 303.36445 | J45: =TRUNC(I45*F45,2) -> 910.09
A46: 3.6 | B46: 101905 | C46: SINAPI | D46: EXTINTOR DE INCÊNDIO PORTÁTIL COM CARGA DE ÁGUA PRESSURIZADA DE 10 L, CLASSE A - FORNECIMENTO E INSTALAÇÃO. AF_10/2020_PE | E46: UN | F46: 3 | G46: =VLOOKUP(B46,SINAPI!A40:C20029,3,FALSE) -> 219.87 | H46: =TRUNC(F46*G46,2) -> 659.61 | I46: =G46*(1+$I$9) -> 268.85704 | J46: =TRUNC(I46*F46,2) -> 806.57
A47: 3.7 | B47: 55863 | C47: SBC | D47: EXTINTOR PO QUIMICO SECO 6kg ABC NBR 15808:2017 | E47: UN | F47: 2 | G47: 226.24 | H47: =TRUNC(F47*G47,2) -> 452.48 | I47: =G47*(1+$I$9) -> 276.64627 | J47: =TRUNC(I47*F47,2) -> 553.29
A48: 3.8 | B48: 12102 | C48: SBC | D48: PONTO DE ILUMINACAO PROVISORIA ACAMPAMENTO/CANTEIRO/ACESSOS | E48: UN | F48: 12 | G48: 661.36 | H48: =TRUNC(F48*G48,2) -> 7936.32 | I48: =G48*(1+$I$9) -> 808.71101 | J48: =TRUNC(I48*F48,2) -> 9704.53
A49: 3.9 | B49: 101001136 | C49: AGESUL | D49: PORTAO PARA TAPUME COM TELHA TRAPEZOIDAL EM ACO GALVANIZADO, ESP=0,5MM, EM ESTRUTURA DE MADEIRA, INCLUSIVE FERRAGENS (REAPROVEITAMENTO DA TELHA DE 3X), INCLUSO PINTURA LATEX EXTERNAMENTE | E49: m² | F49: 6.24 | G49: 79.91 | H49: =TRUNC(F49*G49,2) -> 498.63 | I49: =G49*(1+$I$9) -> 97.713948 | J49: =TRUNC(I49*F49,2) -> 609.73
A50: 3.10 | B50: 4656 | C50: ORSE | D50: LOCACAO DE CONTAINER- BANHEIRO COM CHUVEIRO E VASOS 4.30X2.30 | E50: MES | F50: 8 | G50: 2157 | H50: =TRUNC(F50*G50,2) -> 17256 | I50: =G50*(1+$I$9) -> 2637.5796 | J50: =TRUNC(I50*F50,2) -> 21100.63
A51: 3.11 | B51: 16.06.048 | C51: FDE | D51: LOCAÇÃO MENSAL INCLUSIVE FRETE BEBEDOURO ELÉTRICO TEMPERATURA NATURAL OU GELADA. | E51: UN | F51: 1 | G51: 413.09 | H51: =TRUNC(F51*G51,2) -> 413.09 | I51: =G51*(1+$I$9) -> 505.12645 | J51: =TRUNC(I51*F51,2) -> 505.12
A52: 3.12 | B52: 101001166 | C52: AGESUL | D52: EXECUCAO DE CENTRAL DE FORMAS, PRODUCAO DE ARGAMASSA OU CONCRETO EM CANTEIRO DE OBRAS, NAO INCLUSO MOBILIARIO E EQUIPAMENTOS | E52: m² | F52: 28 | G52: 730.11 | H52: =TRUNC(F52*G52,2) -> 20443.08 | I52: =G52*(1+$I$9) -> 892.77851 | J52: =TRUNC(I52*F52,2) -> 24997.79
A53: 3.13 | B53: ED-50150 | C53: SETOP | D53: LIGAÇÃO DE ÁGUA PROVISÓRIA PARA CANTEIRO, INCLUSIVE HIDRÔMETRO E CAVALETE PARA MEDIÇÃO DE ÁGUA ENTRADA PRINCIPAL, EM AÇO GALVANIZADO DN 20MM (1/2") PADRÃO CONCESSIONÁRIA | E53: UN | F53: 1 | G53: 591.94 | H53: =TRUNC(F53*G53,2) -> 591.94 | I53: =G53*(1+$I$9) -> 723.82423 | J53: =TRUNC(I53*F53,2) -> 723.82
A54: 3.14 | B54: 101508 | C54: SINAPI | D54: ENTRADA DE ENERGIA ELÉTRICA, AÉREA, TRIFÁSICA, COM CAIXA DE SOBREPOR, CABO DE 35 MM2 E DISJUNTOR DIN 50A (NÃO INCLUSO O POSTE DE CONCRETO). AF_07/2020_PS | E54: UN | F54: 1 | G54: =VLOOKUP(B54,SINAPI!A49:C20038,3,FALSE) -> 2417.91 | H54: =TRUNC(F54*G54,2) -> 2417.91 | I54: =G54*(1+$I$9) -> 2956.6203 | J54: =TRUNC(I54*F54,2) -> 2956.62
A55: 3.15 | B55: 01.04.05 | C55: SUDECAP | D55: Instalação de painel 160x180 cm em tapume padrão IPHAN 6 PAINEIS ADAPTADO | E55: m² | F55: 17.28 | G55: 74.19 | H55: =TRUNC(F55*G55,2) -> 1282 | I55: =G55*(1+$I$9) -> 90.719532 | J55: =TRUNC(I55*F55,2) -> 1567.63
A56: 3.16 | B56: 01.02.37 | C56: SUDECAP | D56: DEPÓSITO E FERRAMENTARIA - ATÉ 33M2 | E56: m² | F56: 28 | G56: 423.278 | H56: =TRUNC(F56*G56,2) -> 11851.78 | I56: =G56*(1+$I$9) -> 517.58434 | J56: =TRUNC(I56*F56,2) -> 14492.36
A57: 3.17 | B57: 91935 | C57: SINAPI | D57: CABO DE COBRE FLEXÍVEL ISOLADO, 16 MM², ANTI-CHAMA 0,6/1,0 KV, PARA CIRCUITOS TERMINAIS - FORNECIMENTO E INSTALAÇÃO. AF_03/2023 | E57: M | F57: 90 | G57: =VLOOKUP(B57,SINAPI!A53:C20042,3,FALSE) -> 26.13 | H57: =TRUNC(F57*G57,2) -> 2351.7 | I57: =G57*(1+$I$9) -> 31.951764 | J57: =TRUNC(I57*F57,2) -> 2875.65
A58: 3.18 | B58: 62433 | C58: SBC | D58: Ponto de tomadas incluindo eletroduto, rasgo, tomadas fornecimento e instalação (para bebedouro) | E58: un | F58: 1 | G58: 90.33 | H58: =TRUNC(F58*G58,2) -> 90.33 | I58: =G58*(1+$I$9) -> 110.45552 | J58: =TRUNC(I58*F58,2) -> 110.45
A59: 3.19 | B59: 14017 | C59: SBC | D59: CONSUMO AGUA E ESGOTO OBRAS ATE 4.000m2 | E59: MES | F59: 12 | G59: 142.18 | H59: =TRUNC(F59*G59,2) -> 1706.16 | I59: =G59*(1+$I$9) -> 173.8577 | J59: =TRUNC(I59*F59,2) -> 2086.29
A60: 3.20 | B60: 14300 | C60: SBC | D60: CONSUMO DE ENERGIA (LUZ E FORCA) EM SERVICOS DE OBRAS | E60: MES | F60: 12 | G60: 2304 | H60: =TRUNC(F60*G60,2) -> 27648 | I60: =G60*(1+$I$9) -> 2817.3312 | J60: =TRUNC(I60*F60,2) -> 33807.97
A61: 3.21 | B61: 104789 | C61: SINAPI | D61: DEMOLIÇÃO DE PISO DE CONCRETO SIMPLES, DE FORMA MANUAL, SEM REAPROVEITAMENTO. AF_09/2023 | E61: m³ | F61: 0.7 | G61: =VLOOKUP(B61,SINAPI!A57:C20046,3,FALSE) -> 192.32 | H61: =TRUNC(F61*G61,2) -> 134.62 | I61: =G61*(1+$I$9) -> 235.1689 | J61: =TRUNC(I61*F61,2) -> 164.61
A62: 3.22 | B62: 93358 | C62: SINAPI | D62: ESCAVAÇÃO MANUAL DE VALA. AF_09/2024 | E62: m³ | F62: 2.25 | G62: =VLOOKUP(B62,SINAPI!A58:C20047,3,FALSE) -> 82.04 | H62: =TRUNC(F62*G62,2) -> 184.59 | I62: =G62*(1+$I$9) -> 100.31851 | J62: =TRUNC(I62*F62,2) -> 225.71
A63: 3.23 | B63: 93382 | C63: SINAPI | D63: REATERRO MANUAL DE VALAS, COM COMPACTADOR DE SOLOS DE PERCUSSÃO. AF_08/2023 | E63: m³ | F63: 2.25 | G63: =VLOOKUP(B63,SINAPI!A59:C20048,3,FALSE) -> 25.26 | H63: =TRUNC(F63*G63,2) -> 56.83 | I63: =G63*(1+$I$9) -> 30.887928 | J63: =TRUNC(I63*F63,2) -> 69.49
A64: 3.24 | B64: 7927 | C64: ORSE | D64: Terminal de compressão para cabo de 16 mm2 - fornecimento e instalação | E64: un | F64: 2 | G64: 2.89 | H64: =TRUNC(F64*G64,2) -> 5.78 | I64: =G64*(1+$I$9) -> 3.533892 | J64: =TRUNC(I64*F64,2) -> 7.06
A65: 4 | D65: SERVICOS PRELIMINARES | H65: =H66+H72+H78 -> 112317.62 | J65: =J66+J72+J78 -> 137341.97 | K65: =J65/H65 -> 1.2227999
A66: 4.1 | D66: REVISAO DE PROJETOS COMPLEMENTARES | H66: =SUM(H67:H71) -> 45085.35 | J66: =SUM(J67:J71) -> 55130.35 | K66: =J66/H66 -> 1.2227996
A67: 4.1.1 | B67: 119000099 | C67: Próprio | D67: APROVAÇÃO OU REAPROVAÇÃO DE PROJETO DE SEGURANÇA CONTRA INCÊNDIO E PÂNICO (PSCIP), INCLUINDO REVISAO DO PROJETO | E67: un | F67: 1 | G67: ='Composições Principais'!I1298 -> 6623.12 | H67: =TRUNC(F67*G67,2) -> 6623.12 | I67: =G67*(1+$I$9) -> 8098.7511 | J67: =TRUNC(I67*F67,2) -> 8098.75
A68: 4.1.2 | B68: 119000097 | C68: Próprio | D68: REVISÃO DE PROJETO DE INSTALAÇÕES HIDROSSANITÁRIAS | E68: UN | F68: 1 | G68: ='Composições Principais'!I1274 -> 9692.2 | H68: =TRUNC(F68*G68,2) -> 9692.2 | I68: =G68*(1+$I$9) -> 11851.622 | J68: =TRUNC(I68*F68,2) -> 11851.62
A69: 4.1.3 | B69: 119000098 | C69: Próprio | D69: REVISÃO DE PROJETO DE ESTRUTURA METÁLICA | E69: UN | F69: 1 | G69: ='Composições Principais'!I1286 -> 15518.6 | H69: =TRUNC(F69*G69,2) -> 15518.6 | I69: =G69*(1+$I$9) -> 18976.144 | J69: =TRUNC(I69*F69,2) -> 18976.14
A70: 4.1.4 | B70: 1190000100 | C70: Próprio | D70: REVISÃO DE PROJETO DE SPDA | E70: UN | F70: 1 | G70: ='Composições Principais'!I1310 -> 6242.08 | H70: =TRUNC(F70*G70,2) -> 6242.08 | I70: =G70*(1+$I$9) -> 7632.8154 | J70: =TRUNC(I70*F70,2) -> 7632.81
A71: 4.1.5 | B71: 1190000101 | C71: Próprio | D71: REVISÃO DE PROJETO DE ESTRUTURAS DE CONCRETO | E71: UN | F71: 1 | G71: ='Composições Principais'!I1322 -> 7009.35 | H71: =TRUNC(F71*G71,2) -> 7009.35 | I71: =G71*(1+$I$9) -> 8571.0332 | J71: =TRUNC(I71*F71,2) -> 8571.03
A72: 4.2 | D72: LIMPEZA DA AREA E LOCACAO DA OBRA | H72: =SUM(H73) -> 51024 | J72: =SUM(J73) -> 62392.14 | K72: =J72/H72 -> 1.2227999
A73: 4.2.1 | D73: EPC - EQUIPAMENTOS DE PROTEÇÃO DA EQUIPE E ANDAIMES | H73: =SUM(H74:H77) -> 51024 | J73: =SUM(J74:J77) -> 62392.14 | K73: =J73/H73 -> 1.2227999
A74: 4.2.1.1 | B74: 97064 | C74: SINAPI | D74: MONTAGEM E DESMONTAGEM DE ANDAIME TUBULAR TIPO "TORRE" (EXCLUSIVE ANDAIME E LIMPEZA). AF_03/2024 | E74: M | F74: 13.5 | G74: =VLOOKUP(B74,SINAPI!A71:C20060,3,FALSE) -> 27.65 | H74: =TRUNC(F74*G74,2) -> 373.27 | I74: =G74*(1+$I$9) -> 33.81042 | J74: =TRUNC(I74*F74,2) -> 456.44
A75: 4.2.1.2 | B75: 97063 | C75: SINAPI | D75: MONTAGEM E DESMONTAGEM DE ANDAIME MODULAR FACHADEIRO, COM PISO METÁLICO, PARA EDIFÍCIOS COM MULTIPLOS PAVIMENTOS (EXCLUSIVE ANDAIME E LIMPEZA). AF_03/2024 | E75: m² | F75: 556.32 | G75: =VLOOKUP(B75,SINAPI!A72:C20061,3,FALSE) -> 20.04 | H75: =TRUNC(F75*G75,2) -> 11148.65 | I75: =G75*(1+$I$9) -> 24.504912 | J75: =TRUNC(I75*F75,2) -> 13632.57
A76: 4.2.1.3 | B76: 20193 | C76: SINAPI | D76: LOCACAO DE ANDAIME METALICO TIPO FACHADEIRO, PECAS COM APROXIMADAMENTE 1,20 M DE LARGURA E 2,0 M DE ALTURA, INCLUINDO DIAGONAIS EM X, BARRAS DE LIGACAO, SAPATAS E DEMAIS ITENS NECESSARIOS A MONTAGEM (NAO INCLUI INSTALACAO) | E76: M2/MES | F76: 1439.04 | G76: =VLOOKUP(B76,SINAPI!A73:C20062,3,FALSE) -> 27 | H76: =TRUNC(F76*G76,2) -> 38854.08 | I76: =G76*(1+$I$9) -> 33.0156 | J76: =TRUNC(I76*F76,2) -> 47510.76
A77: 4.2.1.4 | B77: 10527 | C77: SINAPI | D77: LOCACAO DE ANDAIME METALICO TUBULAR DE ENCAIXE, TIPO DE TORRE, CADA PAINEL COM LARGURA DE 1 ATE 1,5 M E ALTURA DE *1,00* M, INCLUINDO DIAGONAL, BARRAS DE LIGACAO, SAPATAS OU RODIZIOS E DEMAIS ITENS NECESSARIOS A MONTAGEM (NAO INCLUI INSTALACAO) | E77: M/MES | F77: 18 | G77: =VLOOKUP(B77,SINAPI!A74:C20063,3,FALSE) -> 36 | H77: =TRUNC(F77*G77,2) -> 648 | I77: =G77*(1+$I$9) -> 44.0208 | J77: =TRUNC(I77*F77,2) -> 792.37
A78: 4.3 | D78: DEMOLICAO E RETIRADA | H78: =H79 -> 16208.27 | J78: =J79 -> 19819.48 | K78: =J78/H78 -> 1.2228005
A79: 4.3.1 | D79: PISOS | H79: =SUM(H80:H86) -> 16208.27 | J79: =SUM(J80:J86) -> 19819.48 | K79: =J79/H79 -> 1.2228005
A80: 4.3.1.1 | B80: 201002161 | C80: AGESUL | D80: LOCACAO DE CACAMBA (4M3) (7 DIAS) 71M3 /4 = 18 CACAMBAS | E80: UN | F80: 18 | G80: 350 | H80: =TRUNC(F80*G80,2) -> 6300 | I80: =G80*(1+$I$9) -> 427.98 | J80: =TRUNC(I80*F80,2) -> 7703.64 | M80: =71/4 -> 17.75
A81: 4.3.1.2 | B81: 201002160 | C81: AGESUL | D81: CARGA MANUAL DE ENTULHO EM CACAMBA | E81: m³ | F81: 536.23894 | G81: 14.51 | H81: =TRUNC(F81*G81,2) -> 7780.82 | I81: =G81*(1+$I$9) -> 17.742828 | J81: =TRUNC(I81*F81,2) -> 9514.39
A82: 4.3.1.3 | B82: 1190000103 | C82: PROPRIA | D82: RETIRADA DE VIGAS DE MADEIRA | E82: m³ | F82: 4.542176 | G82: ='Composições Principais'!H1348 -> 107.45 | H82: =TRUNC(F82*G82,2) -> 488.05 | I82: =G82*(1+$I$9) -> 131.38986 | J82: =TRUNC(I82*F82,2) -> 596.79
A83: 4.3.1.4 | B83: 97644 | C83: SINAPI | D83: REMOÇÃO DE PORTAS, DE FORMA MANUAL, SEM REAPROVEITAMENTO. AF_09/2023 | E83: m² | F83: 22.62 | G83: =VLOOKUP(B83,SINAPI!A80:C20069,3,FALSE) -> 9.16 | H83: =TRUNC(F83*G83,2) -> 207.19 | I83: =G83*(1+$I$9) -> 11.200848 | J83: =TRUNC(I83*F83,2) -> 253.36
A84: 4.3.1.5 | B84: 97645 | C84: SINAPI | D84: Remoção de janelas, de forma manual, sem reaproveitamento | E84: m² | F84: 33.605 | G84: =VLOOKUP(B84,SINAPI!A81:C20070,3,FALSE) -> 23.67 | H84: =TRUNC(F84*G84,2) -> 795.43 | I84: =G84*(1+$I$9) -> 28.943676 | J84: =TRUNC(I84*F84,2) -> 972.65
A85: 4.3.1.6 | B85: 23712 | C85: SBC | D85: Remoção de parede de madeira (tabique), de forma manual, sem reaproveitamento. Basedo em demontagem e remocao de tapumes em obras | E85: m³ | F85: 3.88425 | G85: 29.86 | H85: =TRUNC(F85*G85,2) -> 115.98 | I85: =G85*(1+$I$9) -> 36.512808 | J85: =TRUNC(I85*F85,2) -> 141.82
A86: 4.3.1.7 | B86: 98526 | C86: SINAPI | D86: REMOÇÃO DE RAÍZES REMANESCENTES DE TRONCO DE ÁRVORE COM DIÂMETRO MAIOR OU IGUAL A 0,20 M E MENOR QUE 0,40 M. AF_03/2024 | E86: UN | F86: 4 | G86: =VLOOKUP(B86,SINAPI!A83:C20072,3,FALSE) -> 130.2 | H86: =TRUNC(F86*G86,2) -> 520.8 | I86: =G86*(1+$I$9) -> 159.20856 | J86: =TRUNC(I86*F86,2) -> 636.83
A87: 5 | D87: ESTRUTURAS EM CONCRETO ARMADO | H87: =SUM(H88:H95) -> 25688.33 | J87: =SUM(J88:J95) -> 31411.67 | K87: =J87/H87 -> 1.2227992
A88: 5.1 | B88: 101792 | C88: SINAPI | D88: ESCORAMENTO DE FÔRMAS DE LAJE EM MADEIRA NÃO APARELHADA, PÉ-DIREITO SIMPLES, INCLUSO TRAVAMENTO, 4 UTILIZAÇÕES. AF_09/2020 | E88: m³ | F88: 131.04 | G88: =VLOOKUP(B88,SINAPI!A85:C20074,3,FALSE) -> 15.4 | H88: =TRUNC(F88*G88,2) -> 2018.01 | I88: =G88*(1+$I$9) -> 18.83112 | J88: =TRUNC(I88*F88,2) -> 2467.62
A89: 5.2 | B89: 10800007 | C89: PROPRIA | D89: Abertura e fechamento de rasgos em alvenaria para engastamento de laje. Adequado de SBC | E89: m | F89: 81.6 | G89: ='Composições Principais'!I18 -> 12.22 | H89: =TRUNC(F89*G89,2) -> 997.15 | I89: =G89*(1+$I$9) -> 14.942616 | J89: =TRUNC(I89*F89,2) -> 1219.31
A90: 5.3 | B90: 92524 | C90: SINAPI | D90: Montagem e desmontagem de fôrma de laje maciça, pé-direito duplo, em chapa de madeira compensada plastificada, 10 utilizações. Af_09/2020 | E90: m² | F90: 37.69 | G90: =VLOOKUP(B90,SINAPI!A87:C20076,3,FALSE) -> 89.95 | H90: =TRUNC(F90*G90,2) -> 3390.21 | I90: =G90*(1+$I$9) -> 109.99086 | J90: =TRUNC(I90*F90,2) -> 4145.55
A91: 5.4 | B91: 99235 | C91: SINAPI | D91: Concretagem de edificações (paredes e lajes) feitas com sistema de fôrmas manuseáveis, com concreto usinado autoadensável fck 25 mpa - lançamento e acabamento. Af_10/2021 | E91: m³ | F91: 2.62 | G91: =VLOOKUP(B91,SINAPI!A88:C20077,3,FALSE) -> 712.7 | H91: =TRUNC(F91*G91,2) -> 1867.27 | I91: =G91*(1+$I$9) -> 871.48956 | J91: =TRUNC(I91*F91,2) -> 2283.3
A92: 5.5 | B92: 92769 | C92: SINAPI | D92: Armação de laje de estrutura convencional de concreto armado utilizando aço ca-50 de 6,3 mm - montagem. Af_06/2022 | E92: kg | F92: 50.1 | G92: =VLOOKUP(B92,SINAPI!A89:C20078,3,FALSE) -> 12.72 | H92: =TRUNC(F92*G92,2) -> 637.27 | I92: =G92*(1+$I$9) -> 15.554016 | J92: =TRUNC(I92*F92,2) -> 779.25
A93: 5.6 | B93: 92770 | C93: SINAPI | D93: Armação de laje de estrutura convencional de concreto armado utilizando aço ca-50 de 8,0 mm - montagem. Af_06/2022 | E93: kg | F93: 53.5 | G93: =VLOOKUP(B93,SINAPI!A90:C20079,3,FALSE) -> 12.01 | H93: =TRUNC(F93*G93,2) -> 642.53 | I93: =G93*(1+$I$9) -> 14.685828 | J93: =TRUNC(I93*F93,2) -> 785.69
A94: 5.7 | B94: 92768 | C94: SINAPI | D94: Armação de laje de estrutura convencional de concreto armado utilizando aço ca-60 de 5,0 mm - montagem. Af_06/2022 | E94: kg | F94: 31.8 | G94: =VLOOKUP(B94,SINAPI!A91:C20080,3,FALSE) -> 13.4 | H94: =TRUNC(F94*G94,2) -> 426.12 | I94: =G94*(1+$I$9) -> 16.38552 | J94: =TRUNC(I94*F94,2) -> 521.05
A95: 5.8 | B95: 101964 | C95: SINAPI | D95: LAJE PRÉ-MOLDADA UNIDIRECIONAL, BIAPOIADA, PARA FORRO, ENCHIMENTO EM CERÂMICA, VIGOTA CONVENCIONAL, ALTURA TOTAL DA LAJE (ENCHIMENTO+CAPA) = (8+3). AF_11/2020 | E95: m² | F95: 91.87 | G95: =VLOOKUP(B95,SINAPI!A92:C20081,3,FALSE) -> 171 | H95: =TRUNC(F95*G95,2) -> 15709.77 | I95: =G95*(1+$I$9) -> 209.0988 | J95: =TRUNC(I95*F95,2) -> 19209.9
A96: 6 | D96: ALVENARIA | H96: =SUM(H97:H98) -> 15420.62 | J96: =SUM(J97:J98) -> 18856.33 | K96: =J96/H96 -> 1.2227997
A97: 6.1 | B97: 10800013 | C97: PROPRIA | D97: Alvenaria em pedra rachao ou pedra de mão, assentada com argamassa traço 1:6 (cimento e areia) - ref. Cod. Sinapi 74053/001 | E97: m³ | F97: 17.738 | G97: ='Composições Principais'!I32 -> 581.77 | H97: =TRUNC(F97*G97,2) -> 10319.43 | I97: =G97*(1+$I$9) -> 711.38836 | J97: =TRUNC(I97*F97,2) -> 12618.6
A98: 6.2 | B98: 103324 | C98: SINAPI | D98: Alvenaria de vedação de blocos cerâmicos furados na vertical de 14x19x39 cm (espessura 14 cm) e argamassa de assentamento com preparo em betoneira. Af_12/2021 | E98: m² | F98: 62.24 | G98: =SINAPI!C76 -> 81.96 | H98: =TRUNC(F98*G98,2) -> 5101.19 | I98: =G98*(1+$I$9) -> 100.22069 | J98: =TRUNC(I98*F98,2) -> 6237.73
A99: 7 | D99: PAREDES INTERNAS | H99: =SUM(H100:H103) -> 115035.44 | J99: =SUM(J100:J103) -> 140665.35 | K99: =J99/H99 -> 1.2228001
A100: 7.1 | B100: 87879 | C100: SINAPI | D100: Chapisco aplicado em alvenarias e estruturas de concreto internas, com colher de pedreiro. Argamassa traço 1:3 com preparo em betoneira 400l. Af_10/2022 | E100: m² | F100: 1733.1156 | G100: =VLOOKUP(B100,SINAPI!A97:C20086,3,FALSE) -> 4.25 | H100: =TRUNC(F100*G100,2) -> 7365.74 | I100: =G100*(1+$I$9) -> 5.1969 | J100: =TRUNC(I100*F100,2) -> 9006.82
A101: 7.2 | B101: 87529 | C101: SINAPI | D101: Massa única, em argamassa traço 1:2:8, preparo mecânico, aplicada manualmente em paredes internas de ambientes com área entre 5m² e 10m², e = 17,5mm, com taliscas. Af_03/2024 | E101: m² | F101: 1349.8536 | G101: =VLOOKUP(B101,SINAPI!A98:C20087,3,FALSE) -> 34.91 | H101: =TRUNC(F101*G101,2) -> 47123.38 | I101: =G101*(1+$I$9) -> 42.687948 | J101: =TRUNC(I101*F101,2) -> 57622.48
A102: 7.3 | B102: 87535 | C102: SINAPI | D102: Emboço, em argamassa traço 1:2:8, preparo mecânico, aplicado manualmente em paredes internas de ambientes com área maior que 10m², e = 17,5mm, com taliscas. Af_03/2024 | E102: m² | F102: 383.262 | G102: =VLOOKUP(B102,SINAPI!A99:C20088,3,FALSE) -> 31.36 | H102: =TRUNC(F102*G102,2) -> 12019.09 | I102: =G102*(1+$I$9) -> 38.347008 | J102: =TRUNC(I102*F102,2) -> 14696.95
...

Sheet CURVA ABC
A2: ESTADO DE MATO GROSSO DO SUL | G2: Total Orçamento original: | H2: 3684,205,86
A3: MUNICÍPIO DE CORUMBÁ | G3: Total Orçamento sem adm e mob: | H3: =H365 -> 2744661.8
A4: Orçamento Inicial - Analítico - Método Truncado | G4: Total de Itens: | H4: 352
A6: Objeto: | D6: RESTAURAÇÃO DO PRÉDIO DO ANTIGO HOTEL INTERNACIONAL. | F6: Faixa | G6: Percentual | H6: Total de Itens
A7: Município: | D7: Corumbá/MS | F7: A | G7: 0.8033 | H7: 54 | I7: =H7/H4 -> 0.15340909
A8: Local: | D8: Rua Frei Mariano.°38 Centro., Corumbá MS | F8: B | G8: 0.15 | H8: 95 | I8: =H8/H4 -> 0.26988636
A9: BDI: | D9: BDI Fornecimento de Materiais e Equipamentos - Não Desonerado (15,27%), Onerado (22,28%) | F9: C | G9: 0.05 | H9: =H4-H7-H8 -> 203 | I9: =H9/H4 -> 0.57670455
D12: Descrição | E12: CUSTO | G12: PRECO
A13: item | B13: codigo | C13: banco | E13: UNIT. | F13: TOTAL | G13: UNIT BDI | H13: TOTAL
A14: 15.06.01 | B14: 901000135 | C14: AGESUL | D14: FORNECIMENTO, MONTAGEM E INSTALACAO DE ESTRUTURA METALICA, COM LIGACAO SOLDADAS, INCLUSOS PERFIS METALICOS, CHAPA METALICAS, MAO DE OBRA E TRANSPORTE COM GUINDALTO - FORNECIMENTO E INSTALACAO | E14: 23.67 | F14: 270564.91 | G14: 28.943676 | H14: 330846.77 | I14: =(H14/H$365)*100 -> 12.054191 | J14: =I14 -> 12.054191 | M14: =J14+J34+J40 -> 137.25931
A15: 15.04.01 | B15: 11900017 | C15: PROPRIA | D15: Guarda corpo vidro laminado incolor 8 mm em montante de chapa dobrada ferro h = 1,10 m - MO EC | E15: 1247.24 | F15: 113860.54 | G15: 1525.1251 | H15: 139228.67 | I15: =(H15/H$365)*100 -> 5.0727076 | J15: =I15+J14 -> 17.126898 | M15: =M14/J487 -> #DIV/0!
A16: 12.9 | B16: 170330 | C16: SBC | D16: Assoalho de madeira Ipê (2,5cm X 0,20cm) | E16: 650.66 | F16: 106515.51 | G16: 795.62705 | H16: 130247.17 | I16: =(H16/H$365)*100 -> 4.7454725 | J16: =I16+J15 -> 21.872371
A17: 15.04.01 | B17: 119000012 | C17: PROPRIA | D17: Cobertura com vidro laminado incolor 6mm com guarnição de aluminio natural - MO EC | E17: 810.38 | F17: 86167.705 | G17: 990.93266 | H17: 105365.87 | I17: =(H17/H$365)*100 -> 3.8389382 | J17: =I17+J16 -> 25.711309
A18: 15.07.01 | B18: 42200 | C18: SBC | D18: ELEVADOR PCD PERCURSO 3m, 2 PARADAS, ACABAMENTO EM ACO INOX | E18: 85500 | F18: 85500 | G18: 98555.85 | H18: 98555.85 | I18: =(H18/H$365)*100 -> 3.5908195 | J18: =I18+J17 -> 29.302129
A19: 16.2 | B19: 40179 | C19: SBC | D19: PAINEL WALL - 40MM | E19: 291.19 | F19: 69885.6 | G19: 356.06713 | H19: 85456.112 | I19: =(H19/H$365)*100 -> 3.1135389 | J19: =I19+J18 -> 32.415667
A20: 16.2.9 | B20: 98297 | C20: SINAPI | D20: CABO ELETRÔNICO CATEGORIA 6, INSTALADO EM EDIFICAÇÃO INSTITUCIONAL - FORNECIMENTO E INSTALAÇÃO. AF_11/2019 | E20: 11.3 | F20: 61325.1 | G20: 13.81764 | H20: 74988.332 | I20: =(H20/H$365)*100 -> 2.732152 | J20: =I20+J19 -> 35.147819
A21: 15.06.01 | B21: 12199011 | C21: PROPRIA | D21: Estrutura metalica piso, paredes e cobertura da escada, inclusive corrimão e pintura anti-corrosivo MO EC | E21: 23.03 | F21: 53645.852 | G21: 28.161084 | H21: 65598.147 | I21: =(H21/H$365)*100 -> 2.3900266 | J21: =I21+J20 -> 37.537846
A22: 13.2 | B22: 87399 | C22: SINAPI | D22: ARGAMASSA PRONTA PARA CONTRAPISO, PREPARO MANUAL. AF_08/2019 | E22: 2382.71 | F22: 53207.582 | G22: 2913.5778 | H22: 65062.232 | I22: =(H22/H$365)*100 -> 2.3705009 | J22: =I22+J21 -> 39.908347
A23: 12.2 | B23: 101726 | C23: SINAPI | D23: Ladrilho hidraúlico cor natural (20cmX20cm) REF SINAPI 101726 | E23: 209.81 | F23: 50549.188 | G23: 256.55567 | H23: 61811.547 | I23: =(H23/H$365)*100 -> 2.2520642 | J23: =I23+J22 -> 42.160411
A24: 7.5 | B24: 12000035 | C24: PROPRIA | D24: Pintura a base de Silicato duas demão, inclusive uma demão de fundo em Silicato e emassamento - fornecimento e mão de obra | E24: 35.95 | F24: 48527.237 | G24: 43.95966 | H24: 59339.105 | I24: =(H24/H$365)*100 -> 2.1619824 | J24: =I24+J23 -> 44.322394
A25: 7.2 | B25: 87529 | C25: SINAPI | D25: Massa única, em argamassa traço 1:2:8, preparo mecânico, aplicada manualmente em paredes internas de ambientes com área entre 5m² e 10m², e = 17,5mm, com taliscas. Af_03/2024 | E25: 34.91 | F25: 47123.389 | G25: 42.687948 | H25: 57622.48 | I25: =(H25/H$365)*100 -> 2.0994383 | J25: =I25+J24 -> 46.421832
A26: 15.02.01 | B26: 102176 | C26: SINAPI | D26: Instalação de vidro laminado, e = 8 mm (4+4), encaixado em perfil u. Af_01/2021_ps | E26: 970.35 | F26: 44500.251 | G26: 1186.544 | H26: 54414.907 | I26: =(H26/H$365)*100 -> 1.9825724 | J26: =I26+J25 -> 48.404404
A27: 16.7.3 | B27: 43184 | C27: SINAPI | D27: AR CONDICIONADO SPLIT INVERTER, HI-WALL (PAREDE), 36000 BTU/H, CICLO FRIO, 60HZ, CLASSIFICACAO A (SELO PROCEL), GAS HFC, CONTROLE S/FIO | E27: 4939.37 | F27: 44454.33 | G27: 5693.6118 | H27: 51242.506 | I27: =(H27/H$365)*100 -> 1.866988 | J27: =I27+J26 -> 50.271392
... A36: 8.1.7 | B36: 1110101212 | C36: PROPRIA | D36: Porta em Vidro temperado 10mm e batente em madeira com dimensões (1,30mx3,10m), com arco em estrutura metálica e fechamento com vidros, incluindo fechadura tipo alavanca - P05 | E36: 2823.17 | F36: 22585.36 | G36: 3452.1723 | H36: 27617.378 | I36: =(H36/H$365)*100 -> 1.0062215 | J36: =I36+J35 -> 61.896933
A37: 15.07.01 | B37: elev01 | C37: PROPRIA | D37: Instalação de elevador cabine - Fornecimento, transporte e elevação. | E37: 21062.23 | F37: 21062.23 | G37: 25754.895 | H37: 25754.895 | I37: =(H37/H$365)*100 -> 0.93836315 | J37: =I37+J36 -> 62.835296
A38: 11.1.1 | B38: 96113 | C38: SINAPI | D38: Forro em placas de gesso, para ambientes comerciais. | E38: 47.46 | F38: 90 | G38: 58.034088 | H38: 23616.438 | I38: =(H38/H$365)*100 -> 0.86044985 | J38: =I38+J37 -> 63.695746
A39: 10.1.1 | B39: 92584 | C39: SINAPI | D39: Fabricação e instalação de tesoura inteira em aço, vão de 4 m, para telha cerâmica ou de concreto, incluso içamento. Af_07/2019 | E39: 879.7 | F39: 18473.7 | G39: 1075.6972 | H39: 22589.64 | I39: =(H39/H$365)*100 -> 0.82303912 | J39: =I39+J38 -> 64.518785
A40: 15.05.01 | B40: 12199200 | C40: PROPRIA | D40: Locação mensal de andaime metálico tipo fachadeiro, inclusive montagem | E40: 33.14 | F40: 17998.003 | G40: 40.523592 | H40: 22007.958 | I40: =(H40/H$365)*100 -> 0.80184588 | J40: =I40+J39 -> 65.320631
A41: 9.11 | B41: 101966 | C41: SINAPI | D41: Chapim sobre muros lineares, em granito ou mármore, l = 25 cm, assentado com argamassa 1:6 com aditivo. Af_11/2020 | E41: 234.24 | F41: 17364.211 | G41: 286.42867 | H41: 21232.957 | I41: =(H41/H$365)*100 -> 0.77360925 | J41: =I41+J40 -> 66.09424
A42: 8.2.6 | B42: 119000081 | C42: PROPRIA | D42: Janela com batente em madeira e fechamento fixo em vidro temperado 10mm, dimensões (1,30mX3,25m), arco metálicos (A ser reproduzido) - J05 | E42: 4298.54 | F42: 17194.16 | G42: 5256.2547 | H42: 21025.019 | I42: =(H42/H$365)*100 -> 0.76603314 | J42: =I42+J41 -> 66.860273
A43: 16.1.53 | B43: 1201001114 | C43: AGESUL | D43: LUMINARIA LED DE SOBREPOR, COM ALETAS E REFLETORES EM ALUMINIO ALTO BRILHO, INCLUSO DUAS LAMPADAS T 8 DE 18W - 120CM - FORNECIMENTO E INSTALACAO | E43: 271.82 | F43: 17124.66 | G43: 332.3815 | H43: 20940.034 | I43: =(H43/H$365)*100 -> 0.76293678 | J43: =I43+J42 -> 67.62321
A44: 16.7.2 | B44: 42422 | C44: SINAPI | D44: AR CONDICIONADO SPLIT INVERTER, HI-WALL (PAREDE), 18000 BTU/H, CICLO FRIO, 60HZ, CLASSIFICACAO A (SELO PROCEL), GAS HFC, CONTROLE S/FIO | E44: 3573.83 | F44: 17869.15 | G44: 4119.5538 | H44: 20597.769 | I44: =(H44/H$365)*100 -> 0.75046657 | J44: =I44+J43 -> 68.373677
B45: 87373 | C45: SINAPI | D45: Contra piso | E45: 705.21 | F45: 15747.833 | G45: 862.33079 | H45: 19256.45 | I45: =(H45/H$365)*100 -> 0.70159647 | J45: =I45+J44 -> 69.075273
A46: 5.8 | B46: 101964 | C46: SINAPI | D46: LAJE PRÉ-MOLDADA UNIDIRECIONAL, BIAPOIADA, PARA FORRO, ENCHIMENTO EM CERÂMICA, VIGOTA CONVENCIONAL, ALTURA TOTAL DA LAJE (ENCHIMENTO+CAPA) = (8+3). AF_11/2020 | E46: 171 | F46: 15709.77 | G46: 209.0988 | H46: 19209.907 | I46: =(H46/H$365)*100 -> 0.69990069 | J46: =I46+J45 -> 69.775174
A47: 4.1.3 | B47: 119000098 | C47: Próprio | D47: REVISÃO DE PROJETO DE ESTRUTURA METÁLICA | E47: 15518.6 | F47: 15518.6 | G47: 18976.144 | H47: 18976.144 | I47: =(H47/H$365)*100 -> 0.69138369 | J47: =I47+J46 -> 70.466558
A48: 15.05.01 | B48: 100725 | C48: SINAPI | D48: Pintura com tinta alquídica de fundo e acabamento (esmalte sintético grafite) pulverizada sobre superfícies metálicas (exceto perfil) executado em obra (por demão). Af_01/2020_pe | E48: 24.4 | F48: 15127.268 | G48: 29.83632 | H48: 18497.623 | I48: =(H48/H$365)*100 -> 0.6739491 | J48: =I48+J47 -> 71.140507
A49: 15.03.01 | B49: 101733 | C49: SINAPI | D49: Piso de borracha pastilhado/frisado, espessura 7mm, assentado com argamassa. Af_09/2020 | E49: 258.07 | F49: 14624.827 | G49: 315.568 | H49: 17883.238 | I49: =(H49/H$365)*100 -> 0.65156437 | J49: =I49+J48 -> 71.792071
A50: 13.3 | B50: 101726 | C50: SINAPI | D50: Ladrilho de concreto (25cm X 25cm) (m²) REF SINAPI 101726 | E50: 209.81 | F50: 14455.909 | G50: 256.55567 | H50: 17676.686 | I50: =(H50/H$365)*100 -> 0.64403875 | J50: =I50+J49 -> 72.43611
B51: 101726 | C51: SINAPI | D51: Ladrilho de concreto (25cm X 25cm) (m²) | E51: 209.81 | F51: 14455.909 | G51: 256.55567 | H51: 17676.686 | I51: =(H51/H$365)*100 -> 0.64403875 | J51: =I51+J50 -> 73.080149
A52: 8.1.2 | B52: 1110101211 | C52: PROPRIA | D52: Porta e batente almofadada em madeira com dimensões (1,30mx3,40m), com arco em estrutura metálica e fechamento com vidros, incluindo puxador de barras e fechadura ((A ser reproduzida) - P01 | E52: 3045.52 | F52: 12182.08 | G52: 3724.0619 | H52: 14896.247 | I52: =(H52/H$365)*100 -> 0.54273526 | J52: =I52+J51 -> 73.622884
A53: 7.3 | B53: 87535 | C53: SINAPI | D53: Emboço, em argamassa traço 1:2:8, preparo mecânico, aplicado manualmente em paredes internas de ambientes com área maior que 10m², e = 17,5mm, com taliscas. Af_03/2024 | E53: 31.36 | F53: 12019.096 | G53: 38.347008 | H53: 14696.951 | I53: =(H53/H$365)*100 -> 0.53547403 | J53: =I53+J52 -> 74.158358
A54: 9.12 | B54: 1190000102 | C54: PROPRIA | D54: Instalação de painel 160x180 cm em tapume padrão IPHAN 6 PAINEIS AREA (1.6x1.8 x 20 unidades 57,6 m2)ADAPTADO | E54: 170.36 | F54: 11975.982 | G54: 364.28435 | H54: 14644.231 | I54: =(H54/H$365)*100 -> 0.5335532 | J54: =I54+J53 -> 74.691911
A55: 14.3 | B55: 101091 | C55: SINAPI | D55: Piso em ladrilho hidráulico aplicado em ambientes externos. Af_05/2020 | E55: 170.36 | F55: 11737.804 | G55: 208.31621 | H55: 14352.987 | I55: =(H55/H$365)*100 -> 0.52294191 | J55: =I55+J54 -> 75.214853
A56: 10.1.5 | B56: 11000006 | C56: PROPRIA | D56: Estrutura de madeira aparelhada com terças 6 x 16 cm e ripão 2,5 x 5 cm - MO EC | E56: 104.21 | F56: 11553.763 | G56: 127.42799 | H56: 14127.941 | I56: =(H56/H$365)*100 -> 0.51474251 | J56: =I56+J55 -> 75.729595
A57: 16.2.16 | B57: 1201004040 | C57: AGESUL | D57: ELETRODUTO DE ACO GALVANIZADO, CLASSE LEVE, DN 20 MM (3/4), APARENTE, INSTALADO EM PAREDE - FORNECIMENTO E INSTALACAO | E57: 30.15 | F57: 11155.5 | G57: 36.86742 | H57: 13640.945 | I57: =(H57/H$365)*100 -> 0.49699914 | J57: =I57+J56 -> 76.226595
A58: 4.2.1.2 | B58: 97063 | C58: SINAPI | D58: MONTAGEM E DESMONTAGEM DE ANDAIME MODULAR FACHADEIRO, COM PISO METÁLICO, PARA EDIFÍCIOS COM MULTIPLOS PAVIMENTOS (EXCLUSIVE ANDAIME E LIMPEZA). AF_03/2024 | E58: 20.04 | F58: 11148.653 | G58: 24.504912 | H58: 13632.573 | I58: =(H58/H$365)*100 -> 0.49669408 | J58: =I58+J57 -> 76.723289
A59: 16.2.6 | B59: 1020000020 | C59: AGESUL | D59: CAMERA DE MONITORAMENTO IP VIP 1230 BULLET FULL HD POE DA INTELBRAS OU SIMILAR- FORNECIMENTO E INSTALAÇÃO | E59: 524.87 | F59: 11022.27 | G59: 641.81104 | H59: 13478.032 | I59: =(H59/H$365)*100 -> 0.49106348 | J59: =I59+J58 -> 77.214352
A60: 16.1.1 | B60: 1201009018 | C60: AGESUL | D60: ENTRADA DE SERVICO, EM BAIXA TENSAO, COM CAIXA DE MEDICAO INSTALADA EM MURETA DE ALVENARIA (1 1/2 VEZ), MEDINDO (1,20 X 2,10)M, CONFORME PADRAO ENERGISA, NA(S) ESPECIFICACAO(OES):- TRIFASICO DE 52,24 A 75,0 KW | E60: 10679 | F60: 10679 | G60: 13058.281 | H60: 13058.281 | I60: =(H60/H$365)*100 -> 0.47577014 | J60: =I60+J59 -> 77.690122
A61: 6.1 | B61: 10800013 | C61: PROPRIA | D61: Alvenaria em pedra rachao ou pedra de mão, assentada com argamassa traço 1:6 (cimento e areia) - ref. Cod. Sinapi 74053/001 | E61: 581.77 | F61: 10319.436 | G61: 711.38836 | H61: 12618.607 | I61: =(H61/H$365)*100 -> 0.45975088 | J61: =I61+J60 -> 78.149873
A62: 16.2.2 | B62: 98302 | C62: SINAPI | D62: PATCH PANEL 24 PORTAS, CATEGORIA 6 - FORNECIMENTO E INSTALAÇÃO. AF_11/2019 | E62: 1221.98 | F62: 9775.84 | G62: 1494.2371 | H62: 11953.897 | I62: =(H62/H$365)*100 -> 0.43553261 | J62: =I62+J61 -> 78.585406
A63: 12.11 | B63: 170262 | C63: SBC | D63: Piso Cerâmico Grês (60cmX60cm) REF SBC | E63: 71.88 | F63: 9024.8215 | G63: 87.894864 | H63: 11035.552 | I63: =(H63/H$365)*100 -> 0.40207328 | J63: =I63+J62 -> 78.987479
A64: 12.8 | B64: 1110101226 | C64: PROPRIA | D64: Rodapé LadriLHO Natural (h=15cm) (m linear) | E64: 57.29 | F64: 8493.2425 | G64: 70.054212 | H64: 10385.537 | I64: =(H64/H$365)*100 -> 0.37839041 | J64: =I64+J63 -> 79.365869
A65: 15.03.02 | B65: 96361 | C65: SINAPI | D65: Parede com sistema em chapas de gesso para drywall, uso interno, com duas faces simples e estrutura metálica com guias duplas para paredes com área líquida maior ou igual a 6 m2, com vãos. Af_07/2023_ps | E65: 145.65 | F65: 8253.9855 | G65: 178.10082 | H65: 10092.973 | I65: =(H65/H$365)*100 -> 0.36773104 | J65: =I65+J64 -> 79.7336
A66: 15.01.10 | B66: 94966 | C66: SINAPI | D66: APROVAÇÃO OU REAPROVAÇÃO DE PROJETO DE SEGURANÇA CONTRA INCÊNDIO E PÂNICO (PSCIP), INCLUINDO REVISAO DO PROJETO | E66: 515.51 | F66: 8227.5396 | G66: 630.36563 | H66: 10060.635 | I66: =(H66/H$365)*100 -> 0.36655283 | J66: =I66+J65 -> 80.100153
A67: 16.1.21 | B67: 1201004095 | C67: AGESUL | D67: ELETROCALHA PERFURADA 100X50MM, EM CHAPA DE ACO GALVANIZADA CH. 24, SEM TAMPA, INCLUSIVE CONEXOES | E67: 62.51 | F67: 8126.3 | G67: 76.437228 | H67: 9936.8396 | I67: =(H67/H$365)*100 -> 0.36204241 | J67: =I67+J66 -> 80.462196
A68: 16.2.13 | B68: 2501000160 | C68: AGESUL | D68: TOMADA DUPLA PARA LOGICA RJ45 COMPLETA, CATEGORIA 6, COM TAMPA E SUPORTE - FORNECIMENTO E INSTALACAO | E68: 118.17 | F68: 8035.56 | G68: 144.49828 | H68: 9825.8828 | I68: =(H68/H$365)*100 -> 0.35799977 | J68: =I68+J67 -> 80.820195
A69: 7.1 | B69: 87879 | C69: SINAPI | D69: Chapisco aplicado em alvenarias e estruturas de concreto internas, com colher de pedreiro. Argamassa traço 1:3 com preparo em betoneira 400l. Af_10/2022 | E69: 4.25 | F69: 7365.7413 | G69: 5.1969 | H69: 9006.8285 | I69: =(H69/H$365)*100 -> 0.32815804 | J69: =I69+J68 -> 81.148354
A70: 16.2.20 | B70: 1201004090 | C70: AGESUL | D70: ELETROCALHA PERFURADA 50X50MM, EM CHAPA DE ACO GALVANIZADA CH. 24, SEM TAMPA, INCLUSIVE CONEXOES | E70: 53.48 | F70: 7326.76 | G70: 65.395344 | H70: 8959.1621 | I70: =(H70/H$365)*100 -> 0.32642135 | J70: =I70+J69 -> 81.474775
A71: 15.01.01 | B71: 93358 | C71: SINAPI | D71: Escavação manual de vala com profundidade menor ou igual a 1,30 m. Af_02/2021 | E71: 82.04 | F71: 7145.684 | G71: 100.31851 | H71: 8737.7424 | I71: =(H71/H$365)*100 -> 0.31835407 | J71: =I71+J70 -> 81.793129
A72: 16.2.18 | B72: 2501000220 | C72: AGESUL | D72: PATCH CORD (CABO DE REDE), CATEGORIA 6 (CAT 6) UTP, 23 AWG, 4 PARES, EXTENSAO DE 1,50 M - FORNECIMENTO E INSTALACAO | E72: 58.73 | F72: 7047.6 | G72: 71.815044 | H72: 8617.8053 | I72: =(H72/H$365)*100 -> 0.31398423 | J72: =I72+J71 -> 82.107113
... A78: 16.2.3 | B78: 2501000210 | C78: AGESUL | D78: SWITCH 10/100 BASE TX 24 PORTAS - FORNECIMENTO E INSTALACAO | E78: 2011.42 | F78: 6034.26 | G78: 2459.5644 | H78: 7378.6931 | I78: =(H78/H$365)*100 -> 0.26883797 | J78: =I78+J77 -> 83.858012
B79: 4458 | C79: ORSE | D79: Divisórias em granito Cinza Andorinha | E79: 718.48 | F79: 6033.795 | G79: 878.55734 | H79: 7378.1246 | I79: =(H79/H$365)*100 -> 0.26881726 | J79: =I79+J78 -> 84.126829
A80: 12.14 | B80: 201002160 | C80: AGESUL | D80: CARGA MANUAL DE ENTULHO EM CACAMBA | E80: 100.16 | F80: 6031.2438 | G80: 14.51 | H80: 7375.0049 | I80: =(H80/H$365)*100 -> 0.2687036 | J80: =I80+J79 -> 84.395533
A81: 15.02.01 | B81: 94216 | C81: SINAPI | D81: Telhamento com telha metálica termoacústica e = 30 mm, com até 2 águas, incluso içamento. Af_07/2019 | E81: 200.06 | F81: 5665.6992 | G81: 244.63337 | H81: 6928.017 | I81: =(H81/H$365)*100 -> 0.25241788 | J81: =I81+J80 -> 84.647951
A82: 12.10 | B82: 1110101227 | C82: PROPRIA | D82: Rodapé em madeira (h=15cm) (m linear) | E82: 72.83 | F82: 5572.9516 | G82: 89.056524 | H82: 6814.6052 | I82: =(H82/H$365)*100 -> 0.24828579 | J82: =I82+J81 -> 84.896236
A83: 16.2.4 | B83: 1020000022 | C83: AGESUL | D83: GRAVADOR DIGITAL NVR NVD POE 1408 P, PARA ATE 08 CAMERAS INTELBRAS OU SIMILAR - FORNECIMENTO E INSTALAÇÃO | E83: 1380.1 | F83: 5520.4 | G83: 1687.5863 | H83: 6750.3451 | I83: =(H83/H$365)*100 -> 0.24594451 | J83: =I83+J82 -> 85.142181
A84: 12.15 | B84: 101736 | C84: SINAPI | D84: Piso de borracha pastilhado, cor preto, textura moeda largura (50cmX50cm) | E84: 100.16 | F84: 5325.0064 | G84: 122.47565 | H84: 6511.4178 | I84: =(H84/H$365)*100 -> 0.23723935 | J84: =I84+J83 -> 85.37942
A85: 16.7.1 | B85: 121990651 | C85: PROPRIA | D85: Instalação de Ar Condicionado | E85: 376.64 | F85: 5272.96 | G85: 460.55539 | H85: 6447.7755 | I85: =(H85/H$365)*100 -> 0.23492058 | J85: =I85+J84 -> 85.614341
A86: 6.2 | B86: 103324 | C86: SINAPI | D86: Alvenaria de vedação de blocos cerâmicos furados na vertical de 14x19x39 cm (espessura 14 cm) e argamassa de assentamento com preparo em betoneira. Af_12/2021 | E86: 81.96 | F86: 5101.1904 | G86: 100.22069 | H86: 6237.7356 | I86: =(H86/H$365)*100 -> 0.22726791 | J86: =I86+J85 -> 85.841609
A87: 16.1.27 | B87: 1201004042 | C87: AGESUL | D87: ELETRODUTO DE ACO GALVANIZADO, CLASSE LEVE, DN 25 MM (1), APARENTE, INSTALADO EM PAREDE - FORNECIMENTO E INSTALACAO | E87: 31.69 | F87: 5070.4 | G87: 38.750532 | H87: 6200.0851 | I87: =(H87/H$365)*100 -> 0.22589614 | J87: =I87+J86 -> 86.067505
A88: 16.1.54 | B88: 1401000162 | C88: AGESUL | D88: BLOCO AUTONOMO DE ILUMINACAO DE EMERGENCIA DE ACLARAMENTO, SISTEMA NAO PERMANENTE, LAMPADA LED 500 LUMENS 5000K E BATERIA DE 6V-4AH, REF. BLOKITO BLK 500 DA AUREON OU SIMILAR | E88: 211.12 | F88: 5066.88 | G88: 258.15754 | H88: 6195.7809 | I88: =(H88/H$365)*100 -> 0.22573932 | J88: =I88+J87 -> 86.293244
A89: 4.1.1 | B89: 119000099 | C89: Próprio | D89: APROVAÇÃO OU REAPROVAÇÃO DE PROJETO DE SEGURANÇA CONTRA INCÊNDIO E PÂNICO (PSCIP) | E89: 4950.02 | F89: 4950.02 | G89: 6052.8845 | H89: 6052.8845 | I89: =(H89/H$365)*100 -> 0.22053298 | J89: =I89+J88 -> 86.513777
A90: 4.1.4 | B90: 119000099 | C90: Próprio | D90: REVISÃO DE PSCIP | E90: 4950.02 | F90: 4950.02 | G90: 6052.8845 | H90: 6052.8845 | I90: =(H90/H$365)*100 -> 0.22053298 | J90: =I90+J89 -> 86.73431
A91: 12.3 | B91: 101726 | C91: SINAPI | D91: Ladrilho hidraúlico decorado - 2 cores (20cmX20cm)REF SINAPI 101726 | E91: 209.81 | F91: 4920.7998 | G91: 256.55567 | H91: 6017.154 | I91: =(H91/H$365)*100 -> 0.21923116 | J91: =I91+J90 -> 86.953541
... A101: 13.5 | B101: 101090 | C101: SINAPI | D101: Pedra portuguesa preta (m²) | E101: 229.17 | F101: 4021.9335 | G101: 280.22908 | H101: 4918.0203 | I101: =(H101/H$365)*100 -> 0.17918493 | J101: =I101+J100 -> 88.981007
B102: 101090 | C102: SINAPI | D102: Pedra portuguesa preta (m²) | E102: 229.17 | F102: 4021.9335 | G102: 280.22908 | H102: 4918.0203 | I102: =(H102/H$365)*100 -> 0.17918493 | J102: =I102+J101 -> 89.160192
A103: 16.1.47 | B103: 91928 | C103: SINAPI | D103: CABO DE COBRE FLEXÍVEL ISOLADO, 4 MM², ANTI-CHAMA 450/750 V, PARA CIRCUITOS TERMINAIS - FORNECIMENTO E INSTALAÇÃO. AF_03/2023 | E103: 6.88 | F103: 3784 | G103: 8.412864 | H103: 4627.0752 | I103: =(H103/H$365)*100 -> 0.16858453 | J103: =I103+J102 -> 89.328776
A104: 16.3.5 | B104: 1201006045 | C104: AGESUL | D104: BARRA CHATA DE ALUMINIO 7/8 X 1/8", INCLUSIVE ACESSORIOS DE FIXACAO | E104: 37.94 | F104: 3604.3 | G104: 46.393032 | H104: 4407.338 | I104: =(H104/H$365)*100 -> 0.16057855 | J104: =I104+J103 -> 89.489355
A105: 16.6.2 | B105: 101907 | C105: SINAPI | D105: Extintor de incêndio portátil com carga de gás carbônico co2 de 6 kg, classe bc | E105: 699.55 | F105: 3497.75 | G105: 855.40974 | H105: 4277.0487 | I105: =(H105/H$365)*100 -> 0.15583154 | J105: =I105+J104 -> 89.645186
A106: 16.5.1 | B106: 89714 | C106: SINAPI | D106: Tubo pvc, serie normal, esgoto predial, dn 100 mm, fornecido e instalado em ramal de descarga ou ramal de esgoto sanitário. Af_08/2022 | E106: 36.5 | F106: 3490.13 | G106: 44.6322 | H106: 4267.731 | I106: =(H106/H$365)*100 -> 0.15549205 | J106: =I106+J105 -> 89.800678
A107: 8.2.7 | B107: 119000222 | C107: PROPRIA | D107: Janela de correr com duas folhas, com dimensões (1,00mX1,60m) (uma fixa e uma móvel), com batente em madeira e fechamento fixo em vidro temperado 10mm - J06 | E107: 1704.04 | F107: 3408.08 | G107: 2083.7001 | H107: 4167.4002 | I107: =(H107/H$365)*100 -> 0.15183657 | J107: =I107+J106 -> 89.952515
A108: 5.3 | B108: 92524 | C108: SINAPI | D108: Montagem e desmontagem de fôrma de laje maciça, pé-direito duplo, em chapa de madeira compensada plastificada, 10 utilizações. Af_09/2020 | E108: 89.95 | F108: 3390.2155 | G108: 109.99086 | H108: 4145.5555 | I108: =(H108/H$365)*100 -> 0.15104067 | J108: =I108+J107 -> 90.103556
A109: 8.1.1 | B109: 111010121 | C109: PROPRIA | D109: Porta e batente em madeira almofadada com dimensões (1,30mx3,80m), com arco em estrutura metálica e fechamento com vidro, incluindo puxador de barras e fechadura (A ser reproduzida) - P01A | E109: 3303.97 | F109: 3303.97 | G109: 4040.0945 | H109: 4040.0945 | I109: =(H109/H$365)*100 -> 0.14719826 | J109: =I109+J108 -> 90.250754
A110: 8.1.15 | B110: 1110101219 | C110: PROPRIA | D110: Porta de vidro temperado 100mm com dimensões (1,60mx2,50m), com batente em madeira, com fechadura tipo alavanca-P12 | E110: 3213.09 | F110: 3213.09 | G110: 3928.9665 | H110: 3928.9665 | I110: =(H110/H$365)*100 -> 0.14314938 | J110: =I110+J109 -> 90.393903
A111: 8.2.3 | B111: 11900008 | C111: PROPRIA | D111: Janela de vidro temperado 10mm com dimensões (1,30mX2,35m), fechamento fixo em vidro, incluindo arco metálico (A ser reproduzido) - J03 | E111: 3143.4 | F111: 3143.4 | G111: 3843.7495 | H111: 3843.7495 | I111: =(H111/H$365)*100 -> 0.14004456 | J111: =I111+J110 -> 90.533948
A112: 12.6 | B112: 101726 | C112: SINAPI | D112: Ladrilho hidraúlico decorado - 4 cores - tipo 2 (20cmX20cm) REF SINAPI 101726 | E112: 209.81 | F112: 3105.188 | G112: 256.55567 | H112: 3797.0239 | I112: =(H112/H$365)*100 -> 0.13834214 | J112: =I112+J111 -> 90.67229
A113: 15.01.09 | B113: 10401004 | C113: SINAPI | D113: Apiloamento com maço de 30kg - Cod. SINAPI 79483 | E113: 31.11 | F113: 3035.0916 | G113: 38.041308 | H113: 3711.31 | I113: =(H113/H$365)*100 -> 0.13521921 | J113: =I113+J112 -> 90.807509
A114: 16.1.42 | B114: 101563 | C114: SINAPI | D114: CABO DE COBRE FLEXÍVEL ISOLADO, 35 MM², 0,6/1,0 KV, PARA REDE AÉREA DE DISTRIBUIÇÃO DE ENERGIA ELÉTRICA DE BAIXA TENSÃO - FORNECIMENTO E INSTALAÇÃO. AF_07/2020 | E114: 37.34 | F114: 2987.2 | G114: 45.659352 | H114: 3652.7482 | I114: =(H114/H$365)*100 -> 0.13308555 | J114: =I114+J113 -> 90.940595
... A131: 16.4.1 | B131: 89402 | C131: SINAPI | D131: Tubo, pvc, soldável, de 25mm, instalado em ramal de distribuição de água - fornecimento e instalação. Af_06/2022 | E131: 11.64 | F131: 2514.24 | G131: 14.233392 | H131: 3074.4127 | I131: =(H131/H$365)*100 -> 0.11201426 | J131: =I131+J130 -> 93.028721
B132: 94265 | C132: SINAPI | D132: Guia (meio-fio) concreto, moldada in loco em trecho reto com extrusora, 15 cm base x 30 cm altura. Af_01/2024 | E132: 48.04 | F132: 2447.1576 | G132: 58.743312 | H132: 2992.3843 | I132: =(H132/H$365)*100 -> 0.10902561 | J132: =I132+J131 -> 93.137747
A133: 8.1.8 | B133: 1110101215 | C133: PROPRIA | D133: Porta e batente em madeira com dimensões (1,00mx2,15m), com bandeira, com fechadura tipo alvanca com pictograma de acessibilidade - P06 | E133: 2426.71 | F133: 2426.71 | G133: 2967.381 | H133: 2967.381 | I133: =(H133/H$365)*100 -> 0.10811463 | J133: =I133+J132 -> 93.245861
A134: 8.1.9 | B134: 1110101215 | C134: PROPRIA | D134: Porta e batente em madeira com dimensões (1,00mx2,15m), com bandeira, com fechadura tipo alvanca com pictograma de acessibilidade -P06A | E134: 2426.71 | F134: 2426.71 | G134: 2967.381 | H134: 2967.381 | I134: =(H134/H$365)*100 -> 0.10811463 | J134: =I134+J133 -> 93.353976
A135: 16.1.45 | B135: 101885 | C135: SINAPI | D135: CABO DE COBRE ISOLADO, 10 MM², ANTI-CHAMA 0,6/1 KV, INSTALADO EM ELETROCALHA OU PERFILADO - FORNECIMENTO E INSTALAÇÃO. AF_10/2020 | E135: 10.77 | F135: 2423.25 | G135: 13.169556 | H135: 2963.1501 | I135: =(H135/H$365)*100 -> 0.10796048 | J135: =I135+J134 -> 93.461936
A136: 8.1.12 | B136: 112651 | C136: SBC | D136: Porta em aluminio (0,60x1,80)m, com veneziana ventilada, com fechadura tipo alavanca - P09- BASEADO NO SBC | E136: 598.68 | F136: 2394.72 | G136: 732.0659 | H136: 2928.2636 | I136: =(H136/H$365)*100 -> 0.10668942 | J136: =I136+J135 -> 93.568626
A137: 8.1.10 | B137: 1110101216 | C137: PROPRIA | D137: Porta de vidro temperado 100mm com dimensões (1,00mx2,55m), com batente em madeira, com fechadura tipo alavanca-P07 | E137: 2378.13 | F137: 2378.13 | G137: 2907.9774 | H137: 2907.9774 | I137: =(H137/H$365)*100 -> 0.1059503 | J137: =I137+J136 -> 93.674576
A138: 8.1.11 | B138: 1110101216 | C138: PROPRIA | D138: Porta de vidro temperado 100mm com dimensões (1,00mx2,55m), com batente em madeira, com fechadura tipo alavanca-P08 | E138: 2378.13 | F138: 2378.13 | G138: 2907.9774 | H138: 2907.9774 | I138: =(H138/H$365)*100 -> 0.1059503 | J138: =I138+J137 -> 93.780526
A139: 8.1.5 | B139: 1110101213 | C139: PROPRIA | D139: Porta e batente em madeira com dimensões (1,00mx2,50m), com bandeira com fechamento em vidros, incluindo fechadura tipo alavanca - P03A | E139: 2359.56 | F139: 2359.56 | G139: 2885.27 | H139: 2885.27 | I139: =(H139/H$365)*100 -> 0.10512297 | J139: =I139+J138 -> 93.885649
B140: ED50297 | C140: SETOP | D140: BACIA SANITÁRIA COM CAIXA ACOPLADA - COR BRANCA | E140: 580.03 | F140: 2320.12 | G140: 709.26068 | H140: 2837.0427 | I140: =(H140/H$365)*100 -> 0.10336584 | J140: =I140+J139 -> 93.989015
A141: 12.7 | B141: 101726 | C141: SINAPI | D141: Ladrilho hidraúlico decorado - 6 cores (20cmX20cm) REF SINAPI 101726 | E141: 209.81 | F141: 2282.7328 | G141: 256.55567 | H141: 2791.3257 | I141: =(H141/H$365)*100 -> 0.10170017 | J141: =I141+J140 -> 94.090715
A142: 16.1.30 | B142: 95801 | C142: SINAPI | D142: CONDULETE DE ALUMÍNIO, TIPO X, PARA ELETRODUTO DE AÇO GALVANIZADO DN 20 MM (3/4 | E142: 39.46 | F142: 2249.22 | G142: 48.251688 | H142: 2750.3462 | I142: =(H142/H$365)*100 -> 0.10020711 | J142: =I142+J141 -> 94.190922
...

Sheet Composições Principais
G2: Total Orçamento original: | H2: 3684,205,86
A3: 012300017 - Limpeza previa da obra - MO EC ( m² )
A5: Utilizado no(s) item(ns) 02.06
A6: Código | B6: Descrição | C6: Unidade | D6: Quantidade | E6: Utilização Operativa | F6: Utilização Improdutiva | G6: Valor Operativo | H6: Valor Improdutivo | I6: Valor Item
A7: 88316 | B7: Servente com encargos complementares | C7: h | D7: 0.2 | E7: 1 | F7: 0 | G7: =VLOOKUP(A7,SINAPI!A1:C19990,3,FALSE) -> 20.74 | H7: 0 | I7: =TRUNC(D7*G7,2) -> 4.14
H8: Custo Unitário | I8: =I7 -> 4.14
A12: 010800007 - Abertura e fechamento de rasgos em alvenaria para engastamento de laje ( m )
A14: Utilizado no(s) item(ns) 03.02 | M14: =J14+J34+J40 -> 0
A15: Código | B15: Descrição | C15: Unidade | D15: Quantidade | E15: Utilização Operativa | F15: Utilização Improdutiva | G15: Valor Operativo | H15: Valor Improdutivo | I15: Valor Item | M15: =M14/J523 -> #DIV/0!
A16: 88242 | B16: Ajudante de pedreiro com encargos complementares | C16: h | D16: 0.483 | E16: 1 | F16: 0 | G16: =VLOOKUP(A16,SINAPI!A10:C19999,3,FALSE) -> 21.28 | H16: 0 | I16: =TRUNC(D16*G16,2) -> 10.27
A17: 88309 | B17: Pedreiro com encargos complementares | C17: h | D17: 0.076 | E17: 1 | F17: 0 | G17: =VLOOKUP(A17,SINAPI!A11:C20000,3,FALSE) -> 25.75 | H17: 0 | I17: =TRUNC(D17*G17,2) -> 1.95
H18: Custo Unitário | I18: =TRUNC( SUM(I16:I17),2) -> 12.22
A23: 010800013 - Alvenaria em pedra rachao ou pedra de mão, assentada com argamassa traço 1:6 (cimento e areia) - ref. Cod. Sinapi 74053/001 ( m³ )
A25: Utilizado no(s) item(ns) 04.01
A26: Código | B26: Descrição | C26: Unidade | D26: Quantidade | E26: Utilização Operativa | F26: Utilização Improdutiva | G26: Valor Operativo | H26: Valor Improdutivo | I26: Valor Item
A27: 367 | B27: Areia grossa - posto jazida/fornecedor (retirado na jazida, sem transporte) | C27: m³ | D27: 0.3365 | E27: 1 | F27: 0 | G27: =VLOOKUP(A27,SINAPI!A11:C20010,3,FALSE) -> 85.09 | H27: 0 | I27: =TRUNC(D27*G27,2) -> 28.63
A28: 1379 | B28: Cimento Portland composto cp ii-32 | C28: kg | D28: 67.47 | E28: 1 | F28: 0 | G28: =VLOOKUP(A28,SINAPI!A12:C20011,3,FALSE) -> 0.8 | H28: 0 | I28: =TRUNC(D28*G28,2) -> 53.97
A29: 4730 | B29: Pedra de mão ou pedra rachão para arrimo/fundação (posto pedreira/fornecedor, sem frete) | C29: m³ | D29: 1.2 | E29: 1 | F29: 0 | G29: =VLOOKUP(A29,SINAPI!A13:C20012,3,FALSE) -> 92.94 | H29: 0 | I29: =TRUNC(D29*G29,2) -> 111.52
A30: 88309 | B30: Pedreiro com encargos complementares | C30: h | D30: 7 | E30: 1 | F30: 0 | G30: =VLOOKUP(A30,SINAPI!A14:C20013,3,FALSE) -> 25.75 | H30: 0 | I30: =TRUNC(D30*G30,2) -> 180.25
A31: 88316 | B31: Servente com encargos complementares | C31: h | D31: 10 | E31: 1 | F31: 0 | G31: =VLOOKUP(A31,SINAPI!A15:C20014,3,FALSE) -> 20.74 | H31: 0 | I31: =TRUNC(D31*G31,2) -> 207.4
H32: Custo Unitário | I32: =TRUNC( SUM(I27:I31),2) -> 581.77
A36: 012000035 - Pintura a base de Silicato duas demão, inclusive uma demão de fundo em Silicato e emassamento - fornecimento e mão de obra ( m² )
A38: Utilizado no(s) item(ns) 05.01.05 / 07.02.01 / 08.01.13 | F38: 90
A39: Código | B39: Descrição | C39: Unidade | D39: Quantidade | E39: Utilização Operativa | F39: Utilização Improdutiva | G39: Valor Operativo | H39: Valor Improdutivo | I39: Valor Item
A40: COT 2 | B40: Fundo Mineral | C40: l | D40: =0.15 -> 0.15 | E40: 1 | F40: 0 | G40: =Cotações!F13 -> 13.833333 | H40: 0 | I40: =TRUNC(D40*G40,2) -> 2.07
A41: COT 1 | B41: Tinta Mineral | C41: l | D41: =0.15 -> 0.15 | E41: 1 | F41: 0 | G41: =Cotações!F6 -> 41.638889 | H41: 0 | I41: =TRUNC(D41*G41,2) -> 6.24
A42: COT 3 | B42: Massa Corrida Mineral (kg) | C42: kg | D42: 1.5 | E42: 1 | F42: 0 | G42: =Cotações!F19 -> 6.94 | H42: 0 | I42: =TRUNC(D42*G42,2) -> 10.41
A43: 88310 | B43: Pintor com encargos complementares | C43: h | D43: 0.25 | E43: 1 | F43: 0 | G43: =VLOOKUP(A43,SINAPI!A27:C20026,3,FALSE) -> 27.44 | H43: 0 | I43: =TRUNC(D43*G43,2) -> 6.86
A44: 88316 | B44: Servente com encargos complementares | C44: h | D44: 0.5 | E44: 1 | F44: 0 | G44: =VLOOKUP(A44,SINAPI!A28:C20027,3,FALSE) -> 20.74 | H44: 0 | I44: =TRUNC(D44*G44,2) -> 10.37
H45: Custo Unitário | I45: =TRUNC( SUM(I40:I44),2) -> 35.95 | K45: 35.95
A51: 012100005 - Serviço de conservação e restauro das superfícies originais, restauro do reboco original e replica do "estencil", tratamento e tonalização cromática das novas superfícies ( m² )
A53: Utilizado no(s) item(ns) 05.01.06
A54: Código | B54: Descrição | C54: Unidade | D54: Instalação de painel 160x180 cm em tapume padrão IPHAN 6 PAINEIS AREA (1.6x1.8 x 20 unidades 57,6 m2)ADAPTADO | E54: 1 | F54: Utilização Improdutiva | G54: Valor Operativo | H54: Valor Improdutivo | I54: Valor Item
A55: 20193 | B55: Locacao de andaime metalico tipo fachadeiro, pecas com aproximadamente 1,20 m de largura e 2,0 m de altura, incluindo diagonais em x, barras de ligacao, sapatas e demais itens necessarios a montagem (nao inclui instalacao) | C55: m²xmês | D55: 1 | E55: 1 | F55: 0 | G55: 27 | H55: 0 | I55: =TRUNC(D55*G55,2) -> 27
A56: 157 | B56: Adesivo estrutural a base de resina epóxi para injeção em trincas, bicomponente, baixa viscosidade | C56: kg | D56: 0.1 | E56: 1 | F56: 0 | G56: 151.12 | H56: 0 | I56: =TRUNC(D56*G56,2) -> 15.11
A57: 87367 | B57: Argamassa traço 1:1:6 (em volume de cimento, cal e areia média úmida) para emboço/massa única/assentamento de alvenaria de vedação, preparo manual. Af_08/2019 | C57: m³ | D57: 0.00135 | E57: 1 | F57: 0 | G57: 683.03 | H57: 0 | I57: =TRUNC(D57*G57,2) -> 0.92
A58: 90770 | B58: Arquiteto de obra senior com encargos complementares | C58: h | D58: 2 | E58: 1 | F58: 0 | G58: 136.01 | H58: 0 | I58: =TRUNC(D58*G58,2) -> 272.02
A59: 97063 | B59: Montagem e desmontagem de andaime modular fachadeiro, com piso metálico, para edifícios com multiplos pavimentos (exclusive andaime e limpeza). Af_03/2024 | C59: m² | D59: 1 | E59: 1 | F59: 0 | G59: 20.04 | H59: 0 | I59: =TRUNC(D59*G59,2) -> 20.04
H60: Custo Unitário | I60: =TRUNC( SUM(I55:I59),2) -> 335.09
A63: 011101012 - Porta de madeira almofada 130 x 210 cm 2 folhas com batente 130 x 250 cm, bandeira, guarnições e ferragens MO EC ( cj )
A65: Utilizado no(s) item(ns)
A66: Código | B66: Descrição | C66: Unidade | D66: APROVAÇÃO OU REAPROVAÇÃO DE PROJETO DE SEGURANÇA CONTRA INCÊNDIO E PÂNICO (PSCIP), INCLUINDO REVISAO DO PROJETO | E66: Utilização Operativa | F66: Utilização Improdutiva | G66: Valor Operativo | H66: Valor Improdutivo | I66: Valor Item
A67: 181 | B67: Batente / portal / aduela / marco em madeira macica com rebaixo, e = *3* cm, l = *16* cm, para portas de giro de *60 cm a 120* cm x *210* cm, cedrinho / angelim comercial / tauri / curupixa / peroba / cumaru ou equivalente da regiao (nao inclui alizares) | C67: jg | D67: 1.02 | E67: 1 | F67: 0 | G67: =VLOOKUP(A67,SINAPI!A51:C20050,3,FALSE) -> 307.16 | H67: 0 | I67: =TRUNC(D67*G67,2) -> 313.3
A68: 11447 | B68: Dobradiça em latão, 3 " x 2 1/2 ", e= 1,9 a 2 mm, com anel, cromado, tampa bola, com parafusos | C68: un | D68: 8 | E68: 1 | F68: 0 | G68: =VLOOKUP(A68,SINAPI!A52:C20051,3,FALSE) -> 32.15 | H68: 0 | I68: =TRUNC(D68*G68,2) -> 257.2
A69: 11480 | B69: Fechadura auxiliar de seguranca para porta externa, em aco inox, broca de 45 a 55 mm, lingueta com 3 avancos, incluindo 2 chaves tipo cilindro | C69: cj | D69: 1 | E69: 1 | F69: 0 | G69: =VLOOKUP(A69,SINAPI!A53:C20052,3,FALSE) -> 126.14 | H69: 0 | I69: =TRUNC(D69*G69,2) -> 126.14
A70: 20017 | B70: Guarnicao / alizar / vista lisa em madeira macica, para porta , e = *1* cm, l = *5* cm, cedrinho / angelim comercial / tauri/ curupixa / peroba / cumaru ou equivalente da regiao | C70: m | D70: 12.6 | E70: 1 | F70: 0 | G70: =VLOOKUP(A70,SINAPI!A54:C20053,3,FALSE) -> 8.36 | H70: 0 | I70: =TRUNC(D70*G70,2) -> 105.33
A71: 4006 | B71: Madeira serrada em pinus, mista ou equivalente da regiao - bruta | C71: m³ | D71: 0.325 | E71: 1 | F71: 0 | G71: =VLOOKUP(A71,SINAPI!A55:C20054,3,FALSE) -> 1561.03 | H71: 0 | I71: =TRUNC(D71*G71,2) -> 507.33
A72: 88239 | B72: Ajudante de carpinteiro com encargos complementares | C72: h | D72: 8.125 | E72: 1 | F72: 0 | G72: =VLOOKUP(A72,SINAPI!A56:C20055,3,FALSE) -> 21.06 | H72: 0 | I72: =TRUNC(D72*G72,2) -> 171.11
A73: 88243 | B73: Ajudante especializado com encargos complementares | C73: h | D73: 22.75 | E73: 1 | F73: 0 | G73: =VLOOKUP(A73,SINAPI!A57:C20056,3,FALSE) -> 21.61 | H73: 0 | I73: =TRUNC(D73*G73,2) -> 491.62
A74: 87373 | B74: Argamassa traço 1:4 (em volume de cimento e areia média úmida) para contrapiso, preparo manual. Af_08/2019 | C74: m³ | D74: 0.0473 | E74: 1 | F74: 0 | G74: =VLOOKUP(A74,SINAPI!A58:C20057,3,FALSE) -> 705.61 | H74: 0 | I74: =TRUNC(D74*G74,2) -> 33.37
A75: 88261 | B75: Carpinteiro de esquadria com encargos complementares | C75: h | D75: 8.1215 | E75: 1 | F75: 0 | G75: =VLOOKUP(A75,SINAPI!A59:C20058,3,FALSE) -> 24.27 | H75: 0 | I75: =TRUNC(D75*G75,2) -> 197.1
A76: 88273 | B76: Marceneiro com encargos complementares | C76: h | D76: 22.75 | E76: 1 | F76: 0 | G76: =VLOOKUP(A76,SINAPI!A60:C20059,3,FALSE) -> 23.98 | H76: 0 | I76: =TRUNC(D76*G76,2) -> 545.54
H77: Custo Unitário | I77: =TRUNC( SUM(I67:I76),2) -> 2748.04
A80: Porta e batente em madeira almofadada com dimensões (1,30mx3,80m), com arco em estrutura metálica e fechamento com vidro, incluindo puxador de barras e fechadura (A ser reproduzida) - P01A
A81: 111010121
A83: Código | B83: Descrição | C83: Unidade | D83: Quantidade | E83: Utilização Operativa | F83: Utilização Improdutiva | G83: Valor Operativo | H83: Valor Improdutivo | I83: Valor Item
A84: 181 | B84: Batente / portal / aduela / marco em madeira macica com rebaixo, e = *3* cm, l = *16* cm, para portas de giro de *60 cm a 120* cm x *210* cm, cedrinho / angelim comercial / tauri / curupixa / peroba / cumaru ou equivalente da regiao (nao inclui alizares) | C84: jg | D84: 1.55 | E84: 1 | F84: 0 | G84: =VLOOKUP(A84,SINAPI!A68:C20067,3,FALSE) -> 307.16 | H84: 0 | I84: =TRUNC(D84*G84,2) -> 476.09
A85: 11447 | B85: Dobradiça em latão, 3 " x 2 1/2 ", e= 1,9 a 2 mm, com anel, cromado, tampa bola, com parafusos | C85: un | D85: 8 | E85: 1 | F85: 0 | G85: =VLOOKUP(A85,SINAPI!A69:C20068,3,FALSE) -> 32.15 | H85: 0 | I85: =TRUNC(D85*G85,2) -> 257.2
A86: 20017 | B86: Guarnicao / alizar / vista lisa em madeira macica, para porta , e = *1* cm, l = *5* cm, cedrinho / angelim comercial / tauri/ curupixa / peroba / cumaru ou equivalente da regiao | C86: m | D86: 18.9 | E86: 1 | F86: 0 | G86: =VLOOKUP(A86,SINAPI!A71:C20070,3,FALSE) -> 8.36 | H86: 0 | I86: =TRUNC(D86*G86,2) -> 158
A87: 4006 | B87: Madeira serrada em pinus, mista ou equivalente da regiao - bruta | C87: m³ | D87: 0.325 | E87: 1 | F87: 0 | G87: =VLOOKUP(A87,SINAPI!A72:C20071,3,FALSE) -> 1561.03 | H87: 0 | I87: =TRUNC(D87*G87,2) -> 507.33
A88: 88239 | B88: Ajudante de carpinteiro com encargos complementares | C88: h | D88: 10 | E88: 1 | F88: 0 | G88: =VLOOKUP(A88,SINAPI!A73:C20072,3,FALSE) -> 21.06 | H88: 0 | I88: =TRUNC(D88*G88,2) -> 210.6
A89: 88243 | B89: Ajudante especializado com encargos complementares | C89: h | D89: 28 | E89: 1 | F89: 0 | G89: =VLOOKUP(A89,SINAPI!A74:C20073,3,FALSE) -> 21.61 | H89: 0 | I89: =TRUNC(D89*G89,2) -> 605.08
A90: 87373 | B90: Argamassa traço 1:4 (em volume de cimento e areia média úmida) para contrapiso, preparo manual. Af_08/2019 | C90: m³ | D90: 0.07 | E90: 1 | F90: 0 | G90: =VLOOKUP(A90,SINAPI!A75:C20074,3,FALSE) -> 705.61 | H90: 0 | I90: =TRUNC(D90*G90,2) -> 49.39
A91: 88261 | B91: Carpinteiro de esquadria com encargos complementares | C91: h | D91: 10 | E91: 1 | F91: 0 | G91: =VLOOKUP(A91,SINAPI!A76:C20075,3,FALSE) -> 24.27 | H91: 0 | I91: =TRUNC(D91*G91,2) -> 242.7
A92: 88273 | B92: Marceneiro com encargos complementares | C92: h | D92: 28 | E92: 1 | F92: 0 | G92: =VLOOKUP(A92,SINAPI!A77:C20076,3,FALSE) -> 23.98 | H92: 0 | I92: =TRUNC(D92*G92,2) -> 671.44
H93: Custo Unitário | I93: =TRUNC( SUM(I84:I92),2) -> 3177.83
A96: Porta e batente em madeira almofadada com dimensões (1,30mx3,40m), com arco em estrutura metálica e fechamento com vidro, incluindo puxador de barras e fechadura (A ser reproduzida) - P01
A97: 1110101211
A99: Código | B99: Descrição | C99: Unidade | D99: Quantidade | E99: Utilização Operativa | F99: Utilização Improdutiva | G99: Valor Operativo | H99: Valor Improdutivo | I99: Valor Item
A100: 181 | B100: Batente / portal / aduela / marco em madeira macica com rebaixo, e = *3* cm, l = *16* cm, para portas de giro de *60 cm a 120* cm x *210* cm, cedrinho / angelim comercial / tauri / curupixa / peroba / cumaru ou equivalente da regiao (nao inclui alizares) | C100: jg | D100: 1.38 | E100: 1 | F100: 0 | G100: =VLOOKUP(A100,SINAPI!A85:C20084,3,FALSE) -> 307.16 | H100: 0 | I100: =TRUNC(D100*G100,2) -> 423.88
A101: 11447 | B101: Dobradiça em latão, 3 " x 2 1/2 ", e= 1,9 a 2 mm, com anel, cromado, tampa bola, com parafusos | C101: un | D101: 8 | E101: 1 | F101: 0 | G101: =VLOOKUP(A101,SINAPI!A86:C20085,3,FALSE) -> 32.15 | H101: 0 | I101: =TRUNC(D101*G101,2) -> 257.2
A102: 11480 | B102: Fechadura auxiliar de seguranca para porta externa, em aco inox, broca de 45 a 55 mm, lingueta com 3 avancos, incluindo 2 chaves tipo cilindro | C102: cj | D102: 1 | E102: 1 | F102: 0 | G102: =VLOOKUP(A102,SINAPI!A87:C20086,3,FALSE) -> 126.14 | H102: 0 | I102: =TRUNC(D102*G102,2) -> 126.14
A103: 20017 | B103: Guarnicao / alizar / vista lisa em madeira macica, para porta , e = *1* cm, l = *5* cm, cedrinho / angelim comercial / tauri/ curupixa / peroba / cumaru ou equivalente da regiao | C103: m | D103: 17.4 | E103: 1 | F103: 0 | G103: =VLOOKUP(A103,SINAPI!A88:C20087,3,FALSE) -> 8.36 | H103: 0 | I103: =TRUNC(D103*G103,2) -> 145.46
A104: 4006 | B104: Madeira serrada em pinus, mista ou equivalente da regiao - bruta | C104: m³ | D104: 0.325 | E104: 1 | F104: 0 | G104: =VLOOKUP(A104,SINAPI!A89:C20088,3,FALSE) -> 1561.03 | H104: 0 | I104: =TRUNC(D104*G104,2) -> 507.33
A105: 88239 | B105: Ajudante de carpinteiro com encargos complementares | C105: h | D105: 8.9 | E105: 1 | F105: 0 | G105: =VLOOKUP(A105,SINAPI!A90:C20089,3,FALSE) -> 21.06 | H105: 0 | I105: =TRUNC(D105*G105,2) -> 187.43
A106: 88243 | B106: Ajudante especializado com encargos complementares | C106: h | D106: 25 | E106: 1 | F106: 0 | G106: =VLOOKUP(A106,SINAPI!A91:C20090,3,FALSE) -> 21.61 | H106: 0 | I106: =TRUNC(D106*G106,2) -> 540.25
A107: 87373 | B107: Argamassa traço 1:4 (em volume de cimento e areia média úmida) para contrapiso, preparo manual. Af_08/2019 | C107: m³ | D107: 0.06 | E107: 1 | F107: 0 | G107: =VLOOKUP(A107,SINAPI!A92:C20091,3,FALSE) -> 705.61 | H107: 0 | I107: =TRUNC(D107*G107,2) -> 42.33
A108: 88261 | B108: Carpinteiro de esquadria com encargos complementares | C108: h | D108: 8.9 | E108: 1 | F108: 0 | G108: =VLOOKUP(A108,SINAPI!A93:C20092,3,FALSE) -> 24.27 | H108: 0 | I108: =TRUNC(D108*G108,2) -> 216
A109: 88273 | B109: Marceneiro com encargos complementares | C109: h | D109: 25 | E109: 1 | F109: 0 | G109: =VLOOKUP(A109,SINAPI!A94:C20093,3,FALSE) -> 23.98 | H109: 0 | I109: =TRUNC(D109*G109,2) -> 599.5
H110: Custo Unitário | I110: =TRUNC( SUM(I100:I109),2) -> 3045.52
A112: Porta e batente em madeira almofadada com dimensões (1,30mx3,10m), com arco em estrutura metálica e fechamento com vidros, incluindo puxador de barras e fechadura (A ser reproduzida) - P02
A113: 1110101212
A115: Código | B115: Descrição | C115: Unidade | D115: Quantidade | E115: Utilização Operativa | F115: Utilização Improdutiva | G115: Valor Operativo | H115: Valor Improdutivo | I115: Valor Item
A116: 181 | B116: Batente / portal / aduela / marco em madeira macica com rebaixo, e = *3* cm, l = *16* cm, para portas de giro de *60 cm a 120* cm x *210* cm, cedrinho / angelim comercial / tauri / curupixa / peroba / cumaru ou equivalente da regiao (nao inclui alizares) | C116: jg | D116: 1.2 | E116: 1 | F116: 0 | G116: =VLOOKUP(A116,SINAPI!A101:C20100,3,FALSE) -> 307.16 | H116: 0 | I116: =TRUNC(D116*G116,2) -> 368.59
A117: 11447 | B117: Dobradiça em latão, 3 " x 2 1/2 ", e= 1,9 a 2 mm, com anel, cromado, tampa bola, com parafusos | C117: un | D117: 8 | E117: 1 | F117: 0 | G117: =VLOOKUP(A117,SINAPI!A102:C20101,3,FALSE) -> 32.15 | H117: 0 | I117: =TRUNC(D117*G117,2) -> 257.2
A118: 11480 | B118: Fechadura auxiliar de seguranca para porta externa, em aco inox, broca de 45 a 55 mm, lingueta com 3 avancos, incluindo 2 chaves tipo cilindro | C118: cj | D118: 1 | E118: 1 | F118: 0 | G118: =VLOOKUP(A118,SINAPI!A103:C20102,3,FALSE) -> 126.14 | H118: 0 | I118: =TRUNC(D118*G118,2) -> 126.14
A119: 20017 | B119: Guarnicao / alizar / vista lisa em madeira macica, para porta , e = *1* cm, l = *5* cm, cedrinho / angelim comercial / tauri/ curupixa / peroba / cumaru ou equivalente da regiao | C119: m | D119: 16.3 | E119: 1 | F119: 0 | G119: =VLOOKUP(A119,SINAPI!A104:C20103,3,FALSE) -> 8.36 | H119: 0 | I119: =TRUNC(D119*G119,2) -> 136.26
A120: 4006 | B120: Madeira serrada em pinus, mista ou equivalente da regiao - bruta | C120: m³ | D120: 0.325 | E120: 1 | F120: 0 | G120: =VLOOKUP(A120,SINAPI!A105:C20104,3,FALSE) -> 1561.03 | H120: 0 | I120: =TRUNC(D120*G120,2) -> 507.33
A121: 88239 | B121: Ajudante de carpinteiro com encargos complementares | C121: h | D121: 8 | E121: 1 | F121: 0 | G121: =VLOOKUP(A121,SINAPI!A106:C20105,3,FALSE) -> 21.06 | H121: 0 | I121: =TRUNC(D121*G121,2) -> 168.48
A122: 88243 | B122: Ajudante especializado com encargos complementares | C122: h | D122: 22.8 | E122: 1 | F122: 0 | G122: =VLOOKUP(A122,SINAPI!A107:C20106,3,FALSE) -> 21.61 | H122: 0 | I122: =TRUNC(D122*G122,2) -> 492.7
A123: 87373 | B123: Argamassa traço 1:4 (em volume de cimento e areia média úmida) para contrapiso, preparo manual. Af_08/2019 | C123: m³ | D123: 0.06 | E123: 1 | F123: 0 | G123: =VLOOKUP(A123,SINAPI!A108:C20107,3,FALSE) -> 705.61 | H123: 0 | I123: =TRUNC(D123*G123,2) -> 42.33
A124: 88261 | B124: Carpinteiro de esquadria com encargos complementares | C124: h | D124: 8.1 | E124: 1 | F124: 0 | G124: =VLOOKUP(A124,SINAPI!A109:C20108,3,FALSE) -> 24.27 | H124: 0 | I124: =TRUNC(D124*G124,2) -> 196.58
A125: 88273 | B125: Marceneiro com encargos complementares | C125: h | D125: 22 | E125: 1 | F125: 0 | G125: =VLOOKUP(A125,SINAPI!A110:C20109,3,FALSE) -> 23.98 | H125: 0 | I125: =TRUNC(D125*G125,2) -> 527.56
H126: Custo Unitário | I126: =TRUNC( SUM(I116:I125),2) -> 2823.17
A128: Porta em Vidro temperado 10mm e batente em madeira com dimensões (1,30mx3,10m), com arco em estrutura metálica e fechamento com vidros, incluindo fechadura tipo alavanca - P05
A129: 1110101212.1
A131: Código | B131: Descrição | C131: Unidade | D131: Quantidade | E131: Utilização Operativa | F131: Utilização Improdutiva | G131: Valor Operativo | H131: Valor Improdutivo | I131: Valor Item
A132: 181 | B132: Batente / portal / aduela / marco em madeira macica com rebaixo, e = *3* cm, l = *16* cm, para portas de giro de *60 cm a 120* cm x *210* cm, cedrinho / angelim comercial / tauri / curupixa / peroba / cumaru ou equivalente da regiao (nao inclui alizares) | C132: jg | D132: 1.2 | E132: 1 | F132: 0 | G132: =VLOOKUP(A132,SINAPI!A117:C20116,3,FALSE) -> 307.16 | H132: 0 | I132: =TRUNC(D132*G132,2) -> 368.59
A133: 11447 | B133: Dobradiça em latão, 3 " x 2 1/2 ", e= 1,9 a 2 mm, com anel, cromado, tampa bola, com parafusos | C133: un | D133: 8 | E133: 1 | F133: 0 | G133: =VLOOKUP(A133,SINAPI!A118:C20117,3,FALSE) -> 32.15 | H133: 0 | I133: =TRUNC(D133*G133,2) -> 257.2
A134: 11480 | B134: Fechadura auxiliar de seguranca para porta externa, em aco inox, broca de 45 a 55 mm, lingueta com 3 avancos, incluindo 2 chaves tipo cilindro | C134: cj | D134: 1 | E134: 1 | F134: 0 | G134: =VLOOKUP(A134,SINAPI!A119:C20118,3,FALSE) -> 126.14 | H134: 0 | I134: =TRUNC(D134*G134,2) -> 126.14
...

Sheet Cotações
G2: Total Orçamento original: | H2: 3684,205,86
B4: COT 1 | C4: Tinta Mineral (l)
C5: Cotação 1 | D5: Cotação 2 | E5: Cotação 3 | F5: Mediana
B6: Custo Unitário | C6: =169.9/3.6 -> 47.194444 | D6: =149.9/3.6 -> 41.638889 | E6: =399/16.2 -> 24.62963 | F6: =MEDIAN(C6:E6) -> 41.638889
B7: link/ref | C7: https://www.leroymerlin.com.br/tinta-mineral-ecossilica-premium-3,6l--branca_1571292882 | D7: https://www.leroymerlin.com.br/tinta-mineral-arquitetura-premium-3,6l-branca_1571830208 | E7: https://loja.krotentintas.com.br/tinta-mineral-arquitetura-premium-16-2l-farinha-de-chia
B11: COT 2 | C11: Fundo Preparador de base mineral (l)
C12: Cotação 1 | D12: Cotação 2 | E12: Cotação 3 | F12: Mediana
B13: Custo Unitário | C13: =249/18 -> 13.833333 | D13: =249/18 -> 13.833333 | F13: =MEDIAN(C13:E13) -> 13.833333
B14: link/ref | C14: https://loja.krotentintas.com.br/fundo-preparador-mineral-para-paredes-18l | D14: https://www.leroymerlin.com.br/fundo-preparador-mineral-ecossilica-18l_1572187297 | M14: =J14+J34+J40 -> 0
M15: =M14/J487 -> #DIV/0!
B17: COT 3 | C17: Massa Corrida Mineral (kg)
C18: Cotação 1 | D18: Cotação 2 | E18: Cotação 3 | F18: Mediana
B19: Custo Unitário | C19: =198/25 -> 7.92 | D19: =149/25 -> 5.96 | F19: =MEDIAN(C19:E19) -> 6.94
B20: link/ref | C20: http://leroymerlin.com.br/massa-mineral-lisa-25kg_1571830268 | D20: https://loja.krotentintas.com.br/textura-mineral-quartzo-25kg
B23: COT 4 | C23: Abacaxi roxo (un)
C24: Cotação 1 | D24: Cotação 2 | E24: Cotação 3 | F24: Mediana
B25: Custo Unitário | C25: 14.9 | D25: 19.27 | E25: 15.84 | F25: =MEDIAN(C25:E25) -> 15.84
B26: link/ref | C26: https://www.orquidariomogimirim.com.br/rhoeo-spathacea-abacaxi-roxo?srsltid=AfmBOorIiAuamWGPjtzTzrq9DK6ucI7D-XoPJU4T1p4R5cXQFQ-GXnWp | D26: https://produto.mercadolivre.com.br/MLB-1797814878-planta-rhoeo-spathacea-abacaxi-roxo-super-decorativa--_JM#is_advertising=true&position=1&search_layout=grid&type=pad&tracking_id=88699076-3f6e-4fa0-8b0b-dc599ee06289&is_advertising=true&ad_domain=VQCATCORE_LST&ad_position=1&ad_click_id=NzJiY2U3MmMtNDk1MC00OWViLWFmZTMtZDdiZDY2ZTc0NmIx | E26: https://www.sitiodamata.com.br/importacao/abacaxi-roxo-tradescantia-spadothea.html
B28: COT 5 | C28: Bambu mosso (Phyllostochys pubescens) h=300cm (un)
C29: Cotação 1 | D29: Cotação 2 | E29: Cotação 3 | F29: Mediana
B30: Custo Unitário | C30: 36.9 | D30: 18.98 | E30: 48 | F30: =MEDIAN(C30:E30) -> 36.9
B31: link/ref | C31: https://www.floradelivery.com.br/bambu-mosso | D31: https://www.sitiodamata.com.br/importacao/bambu-mosso-p-edulis-1.html | E31: https://www.sitiodamata.com.br/especies-de-plantas/bambu-mosso-torto-phyllostachys-pubescens.html
B34: COT 6 | C34: Cipo de São João (Pirostegia venusia) h=150cm (un)
C35: Cotação 1 | D35: Cotação 2 | E35: Cotação 3 | F35: Mediana
B36: Custo Unitário | C36: 26.91 | D36: 30.23 | E36: 38.9 | F36: =MEDIAN(C36:E36) -> 30.23
B37: link/ref | C37: https://www.boniplantas.com.br/produto/muda-de-cipo-de-sao-joao-trepadeira-linda-de-cor-laranja.html?srsltid=AfmBOopDM9WEte4VrTYx2SnjCNLn_6_isp1S66iMR1YlXDf_KvFiZp3w | D37: https://www.sitiodamata.com.br/especies-de-plantas/cipo-de-s-o-jo-o.html | E37: https://produto.mercadolivre.com.br/MLB-2618544947-muda-de-cipo-de-so-joo-trepadeira-_JM#is_advertising=true&position=1&search_layout=grid&type=pad&tracking_id=1f2b0b75-459e-4709-99b9-20ca5d4b5a81&is_advertising=true&ad_domain=VQCATCORE_LST&ad_position=1&ad_click_id=YWM5NTMzMTQtOGE4MS00YmY5LWE2MTgtZDYzOTQ2NWQzYjNl
F38: 90
B40: COT 7 | C40: Clusia (Clusia fluminensis) h=60cm (un)
C41: Cotação 1 | D41: Cotação 2 | E41: Cotação 3 | F41: Mediana
B42: Custo Unitário | C42: 31.41 | D42: =849.9/20 -> 42.495 | E42: =120/10 -> 12 | F42: =MEDIAN(C42:E42) -> 31.41
B43: link/ref | C43: https://www.plantei.com.br/plantas-muda-de-clusia | D43: https://www.boniplantas.com.br/clusia-clusia-fluminensis?srsltid=AfmBOorlAIqXrHkpcFRKlyV5YBVsSyejAaya3OWafO79ry_b9zypI2vO | E43: https://brasilnativas.com.br/loja/plantas-ornamentais/cerca-viva/mudas-de-clusia/?srsltid=AfmBOor-1C4rpbcZyfBlSwIOyKPLPYRzB3-2hHsmIxdLIolkNoUh7dr1
B46: COT 8 | C46: Costela de Adão (monstera deliciosa) h=60cm (un)
C47: Cotação 1 | D47: Cotação 2 | E47: Cotação 3 | F47: Mediana
B48: Custo Unitário | C48: 59.31 | D48: 35 | E48: 44.9 | F48: =MEDIAN(C48:E48) -> 44.9
B49: link/ref | C49: https://www.plantei.com.br/muda-de-costela-de-adao-monstera-deliciosa-pote-23 | D49: https://brasilnativas.com.br/loja/plantas-ornamentais/interiores/mudas-de-costela-de-adao/ | E49: https://www.verdegarden.com.br/costela-de-adao-muda-monstera-planta-50cm-decoracao-interna?srsltid=AfmBOooDC3xPzrx_Tmmlo7TcWNOBeVZxlZgi7afm0BSG8YHakCD0uHCT
B52: COT 9 | C52: Dionela (Dianella tasmanica) h=50cm (un)
C53: Cotação 1 | D53: Cotação 2 | E53: Cotação 3 | F53: Mediana
B54: Custo Unitário | C54: 16.8 | D54: Instalação de painel 160x180 cm em tapume padrão IPHAN 6 PAINEIS AREA (1.6x1.8 x 20 unidades 57,6 m2)ADAPTADO | E54: https://www.orquidario4e.com.br/dianela-dianella-tasmanica?srsltid=AfmBOoo2Fhmc3-f_iD6-IO8BfC9Uwi8kEjr5peavDWDXy2KuQC6hrjtq | F54: =MEDIAN(C54:E54) -> 16.8
B55: link/ref | C55: https://www.sitiodamata.com.br/especies-de-plantas/dionela.html | D55: https://brasilnativas.com.br/loja/plantas-ornamentais/mudas-de-dionela-caixa-com-12/?srsltid=AfmBOopbYTEeJMwQJYWdRpTv_b6JTz9Cl5g7IZ_EW7Bc0j4k9AbgZ_1o | E55: https://www.orquidario4e.com.br/dianela-dianella-tasmanica?srsltid=AfmBOoo2Fhmc3-f_iD6-IO8BfC9Uwi8kEjr5peavDWDXy2KuQC6hrjtq
B57: COT 10 | C57: Iris germanica (Iris germanica) h=70cm (un)
C58: Cotação 1 | D58: Cotação 2 | E58: Cotação 3 | F58: Mediana
B59: Custo Unitário | C59: 45.9 | D59: 20 | F59: =MEDIAN(C59:E59) -> 32.95
B60: link/ref | C60: https://www.floriculturaliriodosvalles.com.br/produtos/iris-germanica-branca/ | D60: https://www.belliplantas.com.br/bulbos-rizomas-e-tuberculos/diversos-bulbos-ornamentais/mudas-bulbos-de-iris-germanica-branca-azul-flor-de-lis-iris-de-barbados-belli-plantas
B63: COT 11 | C63: Raphis (Raphis excelsa) hastes (un)
C64: Cotação 1 | D64: Cotação 2 | E64: Cotação 3 | F64: Mediana
B65: Custo Unitário | C65: 76 | D65: 56.91 | E65: 28.49 | F65: =MEDIAN(C65:E65) -> 56.91
B66: link/ref | C66: https://produto.mercadolivre.com.br/MLB-2719501015-01-muda-planta-raphis-excelsa-rafia-touceira-palmeira-rafis-_JM#polycard_client=search-nordic&position=27&search_layout=grid&type=item&tracking_id=97af0477-ac01-444c-acce-570ca1339a64&wid=MLB2719501015&sid=search | D66: APROVAÇÃO OU REAPROVAÇÃO DE PROJETO DE SEGURANÇA CONTRA INCÊNDIO E PÂNICO (PSCIP), INCLUINDO REVISAO DO PROJETO | E66: https://www.sitioexotico.com.br/muda-da-palmeira-rafiade-semente-rhapis-excelsafolha-mole-?srsltid=AfmBOopWNr4sjnxL43V416Q4GV0p2D7d9f33Vs-d6-oLTeK_VLbUc09v
B69: COT 12 | C69: Dracena Arborea (dracaena arborea) h=200cm (un)
C70: Cotação 1 | D70: Cotação 2 | E70: Cotação 3 | F70: Mediana
B71: Custo Unitário | C71: 129 | D71: 95 | E71: 150 | F71: =MEDIAN(C71:E71) -> 129
B72: link/ref | C72: https://brasilnativas.com.br/loja/plantas-ornamentais/arbustos/dracena-arborea/?srsltid=AfmBOorlGGikFJbidGvUjT6wRFyn5jnqCHgtROtjQQCfw-Udf0kERqi2 | D72: https://www.esalflores.com.br/produto/dracena-arborea?id=1260&srsltid=AfmBOorOz9Pvi0v7tRueQzGuFLcHskzusNE7gO6D02r1wKM7TqcXsJex | E72: https://www.sitiodamata.com.br/importacao/dracena-arborea-dracaena-arborea.html
B75: COT 13 | C75: Espirradeira (Nerium oleander) h=300cm (un)
C76: Cotação 1 | D76: Cotação 2 | E76: Cotação 3 | F76: Mediana
B77: Custo Unitário | C77: 31.62 | D77: 26.01 | E77: 29.9 | F77: =MEDIAN(C77:E77) -> 29.9
B78: link/ref | C78: https://www.sitiodamata.com.br/importacao/espirradeira-nerium-oleander.html | D78: https://www.boniplantas.com.br/produto/muda-de-espirradeira-branca-lindo-arbusto-ideal-para-calcada.html?srsltid=AfmBOor5f42lKHRv3EDrqbuReYGSIvBg24u6Fj3ZC6_IQNTNS2UTqG_x | E78: https://produto.mercadolivre.com.br/MLB-4306877790-muda-de-espirradeira-rosa-para-jardim-_JM#polycard_client=search-nordic&position=29&search_layout=grid&type=item&tracking_id=166ec1c1-0b92-4cf7-81e9-a293cc64a5bd&wid=MLB4306877790&sid=search
B80: 201002160 | C80: AGESUL | D80: CARGA MANUAL DE ENTULHO EM CACAMBA | E80: https://www.nativoshops.com.br/MLB-2203369319-mini-ixora-vermelha-ixoria-chinesa-5-mudas-no-saquinho-_JM?srsltid=AfmBOorw9bkyLRMu36PXccjlniH_HkJ2mKEeEShBLOrO3IfZ-WJ6MGH0 | G80: 14.51
B81: COT 14 | C81: Mini Ixora (Ixora coccinea) d=50cm (un)
C82: Cotação 1 | D82: Cotação 2 | E82: Cotação 3 | F82: Mediana
B83: Custo Unitário | C83: 10 | D83: 4.48 | E83: =32/5 -> 6.4 | F83: =MEDIAN(C83:E83) -> 6.4
B84: link/ref | C84: https://www.sitiodamata.com.br/especies-de-plantas/mini-ixora-ixora-coccinea-compacta.html | D84: https://www.orquidariomogimirim.com.br/mini-ixora-vermelha?srsltid=AfmBOorK65tUVYxO7HNlv9wS794INbbRrbqD5Yqs0d2Sv0nRegbMa1Wb | E84: https://www.nativoshops.com.br/MLB-2203369319-mini-ixora-vermelha-ixoria-chinesa-5-mudas-no-saquinho-_JM?srsltid=AfmBOorw9bkyLRMu36PXccjlniH_HkJ2mKEeEShBLOrO3IfZ-WJ6MGH0
C86: Cotação 1 | D86: Cotação 2 | E86: Cotação 3 | F86: Mediana
B87: Custo Unitário | C87: 540.74 | D87: 541.65 | E87: 564.76 | F87: =MEDIAN(C87:E87) -> 541.65
B88: link/ref | C88: https://www.casamimosa.com.br/acabamento-para-valvula-de-descarga-001849006-benefit-docol-00184906/p?idsku=476&srsltid=AfmBOopMKHVq9FrUewNzELNMGghsKadFcCgDwnHxN6di6RkSqy_srqJLNVo | D88: https://www.mercadolivre.com.br/acabamento-valvula-descarga-deficiente-docol-benefit-pcd/p/MLB28111986?matt_tool=18956390&utm_source=google_shopping&utm_medium=organic&pdp_filters=item_id%3AMLB5264143304&from=gshop | E88: https://www.leroymerlin.com.br/acabamento-para-valvula-de-descarga-cromado-pressmatic-benefit-docol_87775485?region=outros&srsltid=AfmBOoot7OnksJ7izW7RPongurDNW1PuXa8W0uHNGbhPhz0KhZsybSqgXRM
B90: COT 16 | C90: Tubo corrugado drenante DN 65 mm (2½")
C91: Cotação 1 | D91: Cotação 2 | E91: Cotação 3 | F91: Mediana
B92: Custo Unitário ROLO 50 M | C92: 234.29 | D92: 260 | E92: 290.92 | F92: =MEDIAN(C92:E92) -> 260
B93: link/ref | C93: https://www.gupar.com.br/construcao-reforma/dreno-corrugado/tubo-dreno-corrugado-2-1-2-50construcao-reforma/dreno-corrugado/tubo-dreno-corrugado-2-1-2-50mconstrucao-reforma/dreno-corrugado/tubo-dreno-corrugado-2-1-2-50mconstrucao/dreno-corrugado/tubo-dreno-corrugado-2-12-50-metro?parceiro=9038&srsltid=AfmBOoqAh6G08nvo47p6TlJRNwnGrTsEYMDy6ic_S8Br7kUAoKBxtZl3y8c | D93: https://www.loja.cacarvalho.com.br/produto/kanadren-tubo-dreno-2-12-65mm-rolo-com-50m-kanaflex.html?utm_source=Site&utm_medium=GoogleMerchant&utm_campaign=GoogleMerchant&srsltid=AfmBOoqlS1lf7k7dK67vaPfVRKj1i8RJ1HeC3N-4LhiawHtdDhbNqJJ1tvE | E93: https://loja.kamikazecomercial.com.br/produto/tubo-dreno-corrugado-dinodreno-65mm-50m/
B95: COT 17 | C95: Tubo corrugado drenante DN 65 mm (2½")
C96: Cotação 1 | D96: Cotação 2 | E96: Cotação 3 | F96: Mediana
B97: Pino metálico cromado para vidro temperado | C97: 2.79 | D97: 3.63 | E97: 4.3 | F97: =MEDIAN(C97:E97) -> 3.63
B98: link/ref | C98: https://www.centrodoaluminio.com.br/produto/ferragem-suporte-fenda-para-vidro-12mm-cromado-368 | D98: https://www.amazon.com.br/Suporte-Para-Vidro-Redondo-Cromado/dp/B0DZPG4C7J?source=ps-sl-shoppingads-lpcontext&ref_=fplfs&psc=1&smid=A9HRYS5BSWYSN | E98: https://www.amazon.com.br/Suporte-Para-Vidro-Redondo-Cromado/dp/B0DZPG4C7J?source=ps-sl-shoppingads-lpcontext&ref_=fplfs&psc=1&smid=A9HRYS5BSWYSN
B102: COT 18 | C102: cotacao de ladrilhos 3, 4 e 6 cores | D102: ESSA COTACAO ATENDE AS DEMANDAS DOS DIVERSOS ITENS DA PLANILHA VISTO SEU VALOR E AS QUANTIDADES SOLICITADAS
C103: Cotação 1/M2 JUNHO /2025 | D103: Cotação 2/M2 JUNHO/2025 | E103: Cotação 3 / M2 JUNHO/ 2025 | F103: Mediana
B104: cotacao de ladrilhos 3, 4 e 6 cores | C104: 90 | D104: 390 | E104: 288 | F104: =MEDIAN(C104:E104) -> 288
C105: LADRILHARIA CANAA- CNPJ 03 959645/000144 LADRILHO HIRAULICO 20X20 3 CORES | D105: LADRILHARIA SAO LUIZ (67)96291851 | E105: VIANARTE (11) 30811508
C106: LADRILH HIDRAULICO E CORES | D106: LADRILHO HIDRAULICO PERSONALIZADO | E106: LADRILHO HIDRAULICO DECORADO
J147: =J148+J155 -> 0
J223: =SUM(J224:J226) -> 0
F440: 1.6
A1254: =Orçamento!D67 -> APROVAÇÃO OU REAPROVAÇÃO DE PROJETO DE SEGURANÇA CONTRA INCÊNDIO E PÂNICO (PSCIP), INCLUINDO REVISAO DO PROJETO
D1256: 40
D1257: 38

Sheet Cronograma
G2: Total Orçamento original: | H2: 3684,205,86
A8: .
A10: Cronograma Físico-Financeiro - Inicial
B11: Objeto: RESTAURAÇÃO DO PRÉDIO DO ANTIGO HOTEL INTERNACIONAL.
B12: Município(s): Corumbá (MS)
B13: Local: Rua Frei Mariano.°38 Centro. - Corumbá MS
B14: Prazo Exec.: 12 meses
D15: Etapas de Execução / Desembolso
A16: Descrição | D16: 1 ª | E16: 2 ª | F16: 3 ª | G16: 4 ª | H16: 5 ª | I16: 6 ª | J16: 7 ª | K16: 8 ª | L16: 9 ª | N16: 11 ª | O16: 12 ª | P16: Total Acumulado
A17: 1 | B17: =Orçamento!D14 -> ADMINISTRAÇÃO LOCAL DA OBRA | C17: =Orçamento!J14 -> 884653.16 | D17: =1/12 -> 0.083333333 | E17: =1/12 -> 0.083333333 | F17: =1/12 -> 0.083333333 | G17: =1/12 -> 0.083333333 | H17: =1/12 -> 0.083333333 | I17: =1/12 -> 0.083333333 | J17: =1/12 -> 0.083333333 | K17: =1/12 -> 0.083333333 | ... O17: =1/12 -> 0.083333333 | P17: =SUM(D17:O17) -> 1
C18: =(C17/C$67)*100 -> 23.072134 | D18: =D17*C$17 -> 73721.097 | E18: =E17*C$17 -> 73721.097 | F18: =F17*$C$17 -> 73721.097 | G18: =G17*$C$17 -> 73721.097 | H18: =H17*$C$17 -> 73721.097 | I18: =I17*$C$17 -> 73721.097 | J18: =J17*$C$17 -> 73721.097 | K18: =K17*$C$17 -> 73721.097 | L18: =L17*$C$17 -> 73721.097 | M18: =M17*$C$17 -> 73721.097 | ... O18: =O17*$C$17 -> 73721.097 | P18: =SUM(D18:O18) -> 884653.16
A19: 2 | B19: =Orçamento!D34 -> DESMOBILIZACAO E DESMONTAGEM CANTEIRO | C19: =Orçamento!J34 -> 4409.56 | N19: 0.5 | O19: 0.5 | P19: =SUM(D19:O19) -> 1
C20: =(C19/C$67)*100 -> 0.11500322 | N20: =N19*$C19 -> 2204.78 | O20: =O19*$C19 -> 2204.78 | P20: =SUM(D20:O20) -> 4409.56
A21: 3 | B21: =Orçamento!D40 -> CANTEIRO DE OBRAS | C21: =Orçamento!J40 -> 139105.8 | D21: 0.45 | E21: 0.19 | F21: 0.09 | G21: 0.03 | H21: 0.03 | I21: 0.03 | J21: 0.03 | K21: 0.03 | L21: 0.03 | M21: 0.03 | N21: 0.03 | O21: 0.03 | P21: =SUM(D21:O21) -> 1
C22: =(C21/C$67)*100 -> 3.6279389 | D22: =D21*$C21 -> 62597.61 | E22: =E21*$C21 -> 26430.102 | F22: =F21*$C21 -> 12519.522 | G22: =G21*$C21 -> 4173.174 | H22: =H21*$C21 -> 4173.174 | I22: =I21*$C21 -> 4173.174 | J22: =J21*$C21 -> 4173.174 | K22: =K21*$C21 -> 4173.174 | ... O22: =O21*$C21 -> 4173.174 | P22: =SUM(D22:O22) -> 139105.8
A23: 4 | B23: =Orçamento!D65 -> SERVICOS PRELIMINARES | C23: =Orçamento!J65 -> 137341.97 | D23: 0.65 | E23: 0.2 | F23: 0.15 | P23: =SUM(D23:O23) -> 1
C24: =(C23/C$67)*100 -> 3.5819375 | D24: =D23*$C23 -> 89272.281 | E24: =E23*$C23 -> 27468.394 | F24: =F23*$C23 -> 20601.296 | P24: =SUM(D24:O24) -> 137341.97
A25: 5 | B25: =Orçamento!D87 -> ESTRUTURAS EM CONCRETO ARMADO | C25: =Orçamento!J87 -> 31411.67 | D25: 0.2 | E25: =1/4 -> 0.25 | F25: 0.35 | G25: 0.2 | P25: =SUM(D25:O25) -> 1
C26: =(C25/C$67)*100 -> 0.81922983 | D26: =D25*$C25 -> 6282.334 | E26: =E25*$C25 -> 7852.9175 | F26: =F25*$C25 -> 10994.084 | G26: =G25*$C25 -> 6282.334 | P26: =SUM(D26:O26) -> 31411.67
A27: 6 | B27: =Orçamento!D96 -> ALVENARIA | C27: =Orçamento!J96 -> 18856.33 | F27: 0.4 | G27: 0.3 | H27: 0.3 | P27: =SUM(D27:O27) -> 1
C28: =(C27/C$67)*100 -> 0.49178118 | F28: =F27*$C27 -> 7542.532 | G28: =G27*$C27 -> 5656.899 | H28: =H27*$C27 -> 5656.899 | P28: =SUM(D28:O28) -> 18856.33
A29: 7 | B29: =Orçamento!D99 -> PAREDES INTERNAS | C29: =Orçamento!J99 -> 140665.35 | H29: 0.2 | I29: 0.2 | J29: 0.2 | K29: 0.2 | L29: 0.2 | P29: =SUM(D29:O29) -> 1
C30: =(C29/C$67)*100 -> 3.6686127 | H30: =H29*$C29 -> 28133.07 | I30: =I29*$C29 -> 28133.07 | J30: =J29*$C29 -> 28133.07 | K30: =K29*$C29 -> 28133.07 | L30: =L29*$C29 -> 28133.07 | P30: =SUM(D30:O30) -> 140665.35
A31: 8 | B31: =Orçamento!D104 -> ESQUADRIAS | C31: =Orçamento!J104 -> 222096.05 | J31: 0.25 | K31: 0.2 | L31: 0.25 | M31: 0.3 | P31: =SUM(D31:O31) -> 1
C32: =(C31/C$67)*100 -> 5.7923603 | J32: =J31*$C31 -> 55524.012 | K32: =K31*$C31 -> 44419.21 | L32: =L31*$C31 -> 55524.012 | M32: =M31*$C31 -> 66628.815 | P32: =SUM(D32:O32) -> 222096.05
A33: 9 | B33: =Orçamento!D134 -> MURO DIVISA | C33: =Orçamento!J134 -> 55072.82 | I33: =1/2 -> 0.5 | J33: =1/2 -> 0.5 | P33: =SUM(D33:O33) -> 1
C34: =(C33/C$67)*100 -> 1.4363228 | I34: =I33*$C33 -> 27536.41 | J34: =J33*$C33 -> 27536.41 | P34: =SUM(D34:O34) -> 55072.82
A35: 10 | B35: =Orçamento!D147 -> COBERTURA | C35: =Orçamento!J147 -> 54394.05 | F35: 0.4 | G35: 0.6 | P35: =SUM(D35:O35) -> 1
C36: =(C35/C$67)*100 -> 1.4186202 | F36: =F35*$C35 -> 21757.62 | G36: =G35*$C35 -> 32636.43 | P36: =SUM(D36:O36) -> 54394.05
A37: 11 | B37: =Orçamento!D160 -> TETOS INTERNOS | C37: =Orçamento!J160 -> 25844.67 | K37: 0.4 | L37: 0.2 | M37: 0.4 | P37: =SUM(D37:O37) -> 1
C38: =(C37/C$67)*100 -> 0.67404008 | K38: =K37*$C37 -> 10337.868 | L38: =L37*$C37 -> 5168.934 | M38: =M37*$C37 -> 10337.868 | P38: =SUM(D38:O38) -> 25844.67
A39: 12 | B39: =Orçamento!D169 -> PISOS INTERNOS | C39: =Orçamento!J169 -> 311360.61 | J39: 0.2 | K39: 0.2 | L39: 0.2 | M39: 0.2 | N39: 0.2 | P39: =SUM(D39:O39) -> 1
C40: =(C39/C$67)*100 -> 8.1204183 | J40: =J39*$C39 -> 62272.122 | K40: =K39*$C39 -> 62272.122 | L40: =L39*$C39 -> 62272.122 | M40: =M39*$C39 -> 62272.122 | N40: =N39*$C39 -> 62272.122 | P40: =SUM(D40:O40) -> 311360.61
A41: 13 | B41: =Orçamento!D184 -> PISOS EXTERNOS | C41: =Orçamento!J184 -> 115656.64 | K41: 0.2 | L41: 0.2 | M41: 0.2 | N41: 0.2 | O41: 0.2 | P41: =SUM(D41:O41) -> 1
C42: =(C41/C$67)*100 -> 3.0163748 | K42: =K41*$C41 -> 23131.328 | L42: =L41*$C41 -> 23131.328 | M42: =M41*$C41 -> 23131.328 | N42: =N41*$C41 -> 23131.328 | O42: =O41*$C41 -> 23131.328 | P42: =SUM(D42:O42) -> 115656.64
A43: 14 | B43: =Orçamento!D189 -> PASSEIO PUBLICO | C43: =Orçamento!J189 -> 25823.63 | M43: 0.5 | N43: 0.5 | P43: =SUM(D43:O43) -> 1
C44: =(C43/C$67)*100 -> 0.67349135 | M44: =M43*$C43 -> 12911.815 | N44: =N43*$C43 -> 12911.815 | P44: =SUM(D44:O44) -> 25823.63
A45: 15 | B45: =Orçamento!D196 -> PASSARELA/ELEVADOR/ESCADA ESTRUTURA METÁLICA | C45: =Orçamento!J196 -> 985869.07 | E45: 0.1 | F45: 0.08 | G45: 0.12 | H45: 0.12 | I45: 0.1 | J45: 0.07 | K45: 0.08 | L45: 0.08 | M45: 0.08 | N45: 0.1 | O45: 0.07 | P45: =SUM(D45:O45) -> 1
C46: =(C45/C$67)*100 -> 25.711888 | E46: =E45*$C45 -> 98586.907 | F46: =F45*$C45 -> 78869.526 | G46: =G45*$C45 -> 118304.29 | H46: =H45*$C45 -> 118304.29 | I46: =I45*$C45 -> 98586.907 | J46: =J45*$C45 -> 69010.835 | K46: =K45*$C45 -> 78869.526 | L46: =L45*$C45 -> 78869.526 | ... O46: =O45*$C45 -> 69010.835 | P46: =SUM(D46:O46) -> 985869.07
A47: 16 | B47: =Orçamento!D231 -> INSTALACOES | C47: =Orçamento!J231 -> 586177.57 | D47: 0.07 | E47: 0.06 | F47: 0.08 | G47: 0.08 | H47: 0.08 | I47: 0.1 | J47: 0.05 | K47: 0.05 | L47: 0.07 | M47: 0.06 | N47: 0.12 | O47: 0.18 | P47: =SUM(D47:O47) -> 1
C48: =(C47/C$67)*100 -> 15.287763 | D48: =D47*$C47 -> 41032.43 | E48: =E47*$C47 -> 35170.654 | F48: =F47*$C47 -> 46894.206 | G48: =G47*$C47 -> 46894.206 | H48: =H47*$C47 -> 46894.206 | I48: =I47*$C47 -> 58617.757 | J48: =J47*$C47 -> 29308.878 | K48: =K47*$C47 -> 29308.878 | ... O48: =O47*$C47 -> 105511.96 | P48: =SUM(D48:O48) -> 586177.57
A49: 17 | B49: =Orçamento!D392 -> PAISAGISMO | C49: =Orçamento!J392 -> 10054.23 | M49: 0.2 | N49: 0.35 | O49: 0.45 | P49: =SUM(D49:O49) -> 1
C50: =(C49/C$67)*100 -> 0.26221863 | M50: =M49*$C49 -> 2010.846 | N50: =N49*$C49 -> 3518.9805 | O50: =O49*$C49 -> 4524.4035 | P50: =SUM(D50:O50) -> 10054.23
A51: 18 | B51: =Orçamento!D403 -> OBRAS COMPLEMENTARES | C51: =Orçamento!J403 -> 12988.72 | L51: 0.02 | M51: 0.1 | N51: 0.2 | O51: 0.68 | P51: =SUM(D51:O51) -> 1
C52: =(C51/C$67)*100 -> 0.33875139 | L52: =L51*$C51 -> 259.7744 | M52: =M51*$C51 -> 1298.872 | N52: =N51*$C51 -> 2597.744 | O52: =O51*$C51 -> 8832.3296 | P52: =SUM(D52:O52) -> 12988.72
A53: 19 | B53: =Orçamento!D408 -> LOUÇAS, METAIS E ACESSÓRIOS | C53: =Orçamento!J408 -> 16257.09 | N53: 0.1 | O53: 0.9 | P53: =SUM(D53:O53) -> 1
C54: =(C53/C$67)*100 -> 0.42399188 | N54: =N53*$C53 -> 1625.709 | O54: =O53*$C53 -> 14631.381 | P54: =P53*C53 -> 16257.09
A55: 20 | B55: =Orçamento!D430 -> SÍTIO ARQUEOLÓGICO | C55: =Orçamento!J430 -> 26424.952 | D55: 0.6 | E55: 0.4 | P55: =SUM(D55:O55) -> 1
C56: =(C55/C$67)*100 -> 0.68917409 | D56: =D55*$C55 -> 15854.971 | E56: =E55*$C55 -> 10569.981 | P56: =P55*C55 -> 26424.952
A57: 21 | B57: =Orçamento!D456 -> SINALIZACAO | C57: =Orçamento!J456 -> 3530.36 | O57: 1 | P57: =SUM(D57:O57) -> 1
C58: =(C57/C$67)*100 -> 0.092073303 | O58: =O57*$C57 -> 3530.36 | P58: =P57*C57 -> 3530.36
A59: 22 | B59: =Orçamento!D467 -> BANCADAS | C59: =Orçamento!J467 -> 9669.89 | L59: 1 | P59: =SUM(D59:O59) -> 1
C60: =(C59/C$67)*100 -> 0.25219488 | L60: =L59*$C59 -> 9669.89 | P60: =P59*C59 -> 9669.89
A61: 23 | B61: =Orçamento!D477 -> SOLEIRAS E PINGADEIRAS | C61: =Orçamento!J477 -> 13911.06 | L61: 1 | P61: =SUM(D61:O61) -> 1
C62: =(C61/C$67)*100 -> 0.36280641 | L62: =L61*$C61 -> 13911.06 | P62: =P61*C61 -> 13911.06
A63: 24 | B63: =Orçamento!D480 -> LIMPEZA | C63: =Orçamento!J480 -> 2717.5 | O63: 1 | P63: =SUM(D63:O63) -> 1
C64: =(C63/C$67)*100 -> 0.070873566 | O64: =O63*$C63 -> 2717.5 | P64: =SUM(D64:O64) -> 2717.5
B67: TOTAL | C67: =C63+C55+C53+C51+C49+C47+C45+C43+C41+C39+C37+C35+C33+C31+C29+C27+C25+C23+C21+C19+C17+C57+C59+C61 -> 3834292.8
B68: Porcentagem | D68: =(D69/C67)*100 -> 7.5310035 | E68: =(E69/C67)*100 -> 7.2973054 | F68: =(F69/C67)*100 -> 7.117346 | G68: =(G69/C67)*100 -> 7.502516 | H68: =(H69/C67)*100 -> 7.2212205 | I68: =(I69/C67)*100 -> 7.583365 | J68: =(J69/C$67)*100 -> 9.119794 | K68: =(K69/$C$67)*100 -> 9.2420244 | L68: =(L69/$C$67)*100 -> 10.324366 | M68: =(M69/$C$67)*100 -> 9.6634801 | N68: =(N69/$C$67)*100 -> 9.2607682 | O68: =(O69/$C$67)*100 -> 8.1368109 | P68: =SUM(D68:O68) -> 100
B69: Custo | D69: =D56+D48+D26+D24+D22+D18 -> 288760.72 | E69: =E56+E48+E46+E26+E24+E22+E18 -> 279800.05 | F69: =F48+F46+F36+F28+F26+F24+F22+F18 -> 272899.88 | G69: =G48+G46+G36+G28+G26+G22+G18 -> 287668.43 | H69: =H48+H46+H30+H28+H22+H18 -> 276882.73 | I69: =I48+I46+I30+I22+I18+I34 -> 290768.41 | J69: =J48+J46+J40+J34+J32+J30+J22+J18 -> 349679.6 | K69: =K52+K48+K46+K42+K40+K38+K34+K32+K30+K22+K18 -> 354366.27 | L69: =L52+L48+L46+L42+L40+L38+L32+L30+L22+L18+L60+L62 -> 395866.42 | M69: =M52+M50+M48+M46+M44+M42+M40+M38+M32+M22+M18 -> 370526.12 | N69: =N54+N52+N50+N48+N46+N44+N42+N40+N22+N20+N18 -> 355084.96 | O69: =O64+O54+O52+O50+O48+O42+O22+O20+O18+O46+O58 -> 311989.15 | P69: =P64+P56+P54+P52+P50+P48+P46+P44+P42+P40+P38+P36+P34+P32+P30+P28+P26+P24+P22+P20+P18+P58+P60+P62 -> 3834292.8
B70: Porcentagem Acumulado | D70: =D68 -> 7.5310035 | E70: =D70+E68 -> 14.828309 | F70: =E70+F68 -> 21.945655 | G70: =F70+G68 -> 29.448171 | H70: =G70+H68 -> 36.669391 | I70: =H70+I68 -> 44.252756 | J70: =I70+J68 -> 53.37255 | K70: =J70+K68 -> 62.614575 | L70: =K70+L68 -> 72.938941 | ... O70: =N70+O68 -> 100
B71: Custo Acumulado | D71: =D69 -> 288760.72 | E71: =E69+D71 -> 568560.77 | F71: =F69+E71 -> 841460.66 | G71: =G69+F71 -> 1129129.1 | H71: =H69+G71 -> 1406011.8 | I71: =I69+H71 -> 1696780.2 | J71: =J69+I71 -> 2046459.8 | K71: =K69+J71 -> 2400826.1 | L71: =L69+K71 -> 2796692.5 | ... O71: =O69+N71 -> 3834292.8
J147: =J148+J155 -> 0
J223: =SUM(J224:J226) -> 0
F440: 1.6
A1254: =Orçamento!D67 -> APROVAÇÃO OU REAPROVAÇÃO DE PROJETO DE SEGURANÇA CONTRA INCÊNDIO E PÂNICO (PSCIP), INCLUINDO REVISAO DO PROJETO
D1256: 40
D1257: 38

Sheet BDI
A2: Estado de Mato Grosso do Sul | G2: Total Orçamento original: | H2: 3684,205,86
A3: Município de Corumbá
A4: .
A5: .
A7: DEMONSTRAÇÃO DA BONIFICAÇÃO E DESPESAS INDIRETAS - BDI
A8: Onerado - 21,34 %
A9: Acórdão 2622/2013
A10: Métodologia de Cálculo Truncado
A12: Variável | B12: Componente | C12: Taxa Referência (%)
A14: R | B14: Garantia | C14: 0.8 | M14: =J14+J34+J40 -> 0
B15: Risco | C15: 0.97 | M15: =M14/J487 -> #DIV/0!
B16: Garantia / Risco / Seguro | C16: 1.77
A17: DF | B17: Despesa Financeira | C17: 1.11
A18: AC | B18: Administração Central | C18: 4.01
A19: L | B19: Lucro | C19: 7.3
A20: I | B20: PIS | C20: 0.65
B21: COFINS | C21: 3
B22: ISSQN | C22: 2.5
B23: INSS | C23: 0
B24: TRIBUTOS | C24: 6.15
A25: BDI | B25: Benefícios e Despesas Indiretas | C25: 22.28
A32: Onde:
A33: AC = taxa de rateio da Administração Central;
A34: R = taxa de Risco, Seguro e Garantia;
A35: DF = taxa das Despesas Financeiras;
A36: L = taxa de Lucro;
A37: I = taxa de Tributos.
A59: Estado de Mato Grosso do Sul
A60: Município de Corumbá
A61: .
A62: .
A64: DEMONSTRAÇÃO DA BONIFICAÇÃO E DESPESAS INDIRETAS - BDI
A65: BDI Fornecimento de Materiais e Equipamentos - Não Desonerado - 15,27 %
... A67: Métodologia de Cálculo Truncado
A69: Variável | B69: Componente | C69: Taxa Referência (%)
A71: R | B71: Garantia | C71: 0.3
B72: Risco | C72: 0.56
B73: Garantia / Risco / Seguro | C73: 0.86
A74: DF | B74: Despesa Financeira | C74: 0.85
A75: AC | B75: Administração Central | C75: 1.5
A76: L | B76: Lucro | C76: 3.68
A77: I | B77: PIS | C77: 0.65
B78: COFINS | C78: 3
B79: ISSQN | C79: 3.5
B80: 201002160 | C80: AGESUL
B81: TRIBUTOS | C81: 7.15
A82: BDI | B82: Benefícios e Despesas Indiretas | C82: 15.27
A88: Onde:
A89: AC = taxa de rateio da Administração Central;
A90: R = taxa de Risco, Seguro e Garantia;
A91: DF = taxa das Despesas Financeiras;
A92: L = taxa de Lucro;
A93: I = taxa de Tributos.
J147: =J148+J155 -> 0
J223: =SUM(J224:J226) -> 0
F440: 1.6
D1256: 40
D1257: 38

Sheet LES
A1: Obra | B1: RESTAURAÇÃO DO PREDIO HOTEL INTERNACIONAL
A2: Local | B2: Corumba/MS | G2: Total Orçamento original: | H2: 3684,205,86
A3: Data | B3: Junho de 2025
B5: ENCARGOS SOCIAIS SOBRE SALARIO HORA - DESONERADO
A7: CODIGO | B7: DESCRIÇÃO | C7: HORISTA (%)
B9: GRUPO A
A10: A1 | B10: INSS | C10: 20
A11: A2 | B11: SESI | C11: 1.5
A12: A3 | B12: SENAI | C12: 1
A13: A4 | B13: INCRA | C13: 0.2
A14: A5 | B14: SEBRAE | C14: 0.6 | M14: =J14+J34+J40 -> 0
A15: A6 | B15: Salario Educação | C15: 2.5 | M15: =M14/J487 -> #DIV/0!
A16: A7 | B16: Seguro Contra Acidentes Trabalho | C16: 3
A17: A8 | B17: FGTS | C17: 8
A18: A9 | B18: SECONCI | C18: 0
A19: A | B19: Total dos Encargos Sociais Basicos | C19: =SUM(C10:C18) -> 36.8
B21: GRUPO B
A22: B1 | B22: Repouso Semanal Remunerado | C22: 17.95
A23: B2 | B23: Feriados | C23: 4.52
A24: B3 | B24: Auxilio-efermidade | C24: 0.89
A25: B4 | B25: 13o Salario | C25: 11.35
A26: B5 | B26: Licença Paternidade | C26: 0.07
A27: B6 | B27: Faltas Justificadas | C27: 0.76
A28: B7 | B28: Dias de Chuvas | C28: 1.35
A29: B8 | B29: Auxílio Acidente de Trabalho | C29: 0.1
A30: B9 | B30: Férias Gozadas | C30: 0
A31: B10 | B31: Salário Maternidade | C31: 0.04
A32: B | B32: Total de Encargos Socias que recebem incidência de A | C32: =SUM(C22:C31) -> 37.03
B34: GRUPO C
A35: C1 | B35: Aviso Prévio Indenizado | C35: 5.13
A36: C2 | B36: Aviso Prévio Trabalhado | C36: 0.12
A37: C3 | B37: Férias Indenizadas | C37: 11.9
A38: C4 | B38: Depósito Rescisão Sem Justa Causa | C38: 2.03 | F38: 90
A39: C5 | B39: Indenização Adicional | C39: 0.43
A40: C | B40: Total dos Encargos Socias que não recebem as incidências de A | C40: =SUM(C35:C39) -> 19.61
B42: GRUPO D
A43: D1 | B43: Reinciência de A sobre B | C43: 13.63
A44: D2 | B44: Reincidência de Grupo A sobre Aviso Prévio Trabalhado e reincidência do FGTS sobre Aviso Previo Indenizado | C44: 0.45
A45: D | B45: Total das Taxas incidências de reincidências | C45: =SUM(C43:C44) -> 14.08
B47: TOTAL ( A + B + C + D ) | C47: =SUM(C19,C32,C40,C45) -> 107.52
D54: Instalação de painel 160x180 cm em tapume padrão IPHAN 6 PAINEIS AREA (1.6x1.8 x 20 unidades 57,6 m2)ADAPTADO
D66: APROVAÇÃO OU REAPROVAÇÃO DE PROJETO DE SEGURANÇA CONTRA INCÊNDIO E PÂNICO (PSCIP), INCLUINDO REVISAO DO PROJETO
B80: 201002160 | C80: AGESUL | D80: CARGA MANUAL DE ENTULHO EM CACAMBA | G80: 14.51
J147: =J148+J155 -> 0
J223: =SUM(J224:J226) -> 0
F440: 1.6
A1254: =Orçamento!D67 -> APROVAÇÃO OU REAPROVAÇÃO DE PROJETO DE SEGURANÇA CONTRA INCÊNDIO E PÂNICO (PSCIP), INCLUINDO REVISAO DO PROJETO
D1256: 40
D1257: 38
